%YAML 1.1
%TAG !u! tag:unity3d.com,2011:
--- !u!1 &5158658399627433823
GameObject:
  m_ObjectHideFlags: 0
  m_CorrespondingSourceObject: {fileID: 0}
  m_PrefabInstance: {fileID: 0}
  m_PrefabAsset: {fileID: 0}
  serializedVersion: 6
  m_Component:
  - component: {fileID: 5430137339194728425}
  m_Layer: 0
  m_Name: PlatformIsland04
  m_TagString: Untagged
  m_Icon: {fileID: 0}
  m_NavMeshLayer: 0
  m_StaticEditorFlags: 1
  m_IsActive: 1
--- !u!4 &5430137339194728425
Transform:
  m_ObjectHideFlags: 0
  m_CorrespondingSourceObject: {fileID: 0}
  m_PrefabInstance: {fileID: 0}
  m_PrefabAsset: {fileID: 0}
  m_GameObject: {fileID: 5158658399627433823}
  m_LocalRotation: {x: 0, y: 0, z: 0, w: 1}
  m_LocalPosition: {x: 0, y: 0, z: 0}
  m_LocalScale: {x: 1, y: 1, z: 1}
  m_ConstrainProportionsScale: 0
  m_Children:
  - {fileID: 7396391441569427343}
  - {fileID: 6854760718423125306}
  - {fileID: 5046827422507951842}
  - {fileID: 4131245004797056016}
  - {fileID: 3440903238839828524}
  - {fileID: 7346182802191934180}
  - {fileID: 7749987378167852380}
  - {fileID: 2631091313462915741}
  - {fileID: 3452298490914436962}
  - {fileID: 1552192049116857973}
  - {fileID: 6222567808325299025}
  - {fileID: 5673835700683560359}
  - {fileID: 5210829115825609169}
  - {fileID: 5450883946072257919}
  - {fileID: 6980696673711699777}
  - {fileID: 3076777944170712103}
  - {fileID: 3033425342514947948}
  - {fileID: 1351341751098974517}
  - {fileID: 9159960001673629000}
  - {fileID: 4459936469767508929}
  m_Father: {fileID: 0}
  m_RootOrder: 0
  m_LocalEulerAnglesHint: {x: 0, y: 0, z: 0}
--- !u!1001 &1252625384200109564
PrefabInstance:
  m_ObjectHideFlags: 0
  serializedVersion: 2
  m_Modification:
    m_TransformParent: {fileID: 5430137339194728425}
    m_Modifications:
    - target: {fileID: 426425940846471155, guid: 44e399014eb6dcf44a35c1e3218a2229, type: 3}
      propertyPath: m_StaticEditorFlags
      value: 1
      objectReference: {fileID: 0}
    - target: {fileID: 744738743466633548, guid: 44e399014eb6dcf44a35c1e3218a2229, type: 3}
      propertyPath: m_Materials.Array.data[3]
      value: 
      objectReference: {fileID: 2100000, guid: 21332117746b48d4abd0442890ad5793, type: 2}
    - target: {fileID: 1014772698498906744, guid: 44e399014eb6dcf44a35c1e3218a2229, type: 3}
      propertyPath: m_StaticEditorFlags
      value: 1
      objectReference: {fileID: 0}
    - target: {fileID: 1248952303782922393, guid: 44e399014eb6dcf44a35c1e3218a2229, type: 3}
      propertyPath: m_StaticEditorFlags
      value: 1
      objectReference: {fileID: 0}
    - target: {fileID: 4350677060265203657, guid: 44e399014eb6dcf44a35c1e3218a2229, type: 3}
      propertyPath: m_StaticEditorFlags
      value: 1
      objectReference: {fileID: 0}
    - target: {fileID: 4624474325188211997, guid: 44e399014eb6dcf44a35c1e3218a2229, type: 3}
      propertyPath: m_StaticEditorFlags
      value: 1
      objectReference: {fileID: 0}
    - target: {fileID: 4679541820054235850, guid: 44e399014eb6dcf44a35c1e3218a2229, type: 3}
      propertyPath: m_StaticEditorFlags
      value: 1
      objectReference: {fileID: 0}
    - target: {fileID: 5146214717511959119, guid: 44e399014eb6dcf44a35c1e3218a2229, type: 3}
      propertyPath: m_StaticEditorFlags
      value: 1
      objectReference: {fileID: 0}
    - target: {fileID: 6446211381223512118, guid: 44e399014eb6dcf44a35c1e3218a2229, type: 3}
      propertyPath: m_StaticEditorFlags
      value: 1
      objectReference: {fileID: 0}
    - target: {fileID: 6538726777750008993, guid: 44e399014eb6dcf44a35c1e3218a2229, type: 3}
      propertyPath: m_StaticEditorFlags
      value: 1
      objectReference: {fileID: 0}
    - target: {fileID: 7148466886554518683, guid: 44e399014eb6dcf44a35c1e3218a2229, type: 3}
      propertyPath: m_StaticEditorFlags
      value: 1
      objectReference: {fileID: 0}
    - target: {fileID: 8179190607742519997, guid: 44e399014eb6dcf44a35c1e3218a2229, type: 3}
      propertyPath: m_RootOrder
      value: 14
      objectReference: {fileID: 0}
    - target: {fileID: 8179190607742519997, guid: 44e399014eb6dcf44a35c1e3218a2229, type: 3}
      propertyPath: m_LocalPosition.x
      value: -5
      objectReference: {fileID: 0}
    - target: {fileID: 8179190607742519997, guid: 44e399014eb6dcf44a35c1e3218a2229, type: 3}
      propertyPath: m_LocalPosition.y
      value: 0
      objectReference: {fileID: 0}
    - target: {fileID: 8179190607742519997, guid: 44e399014eb6dcf44a35c1e3218a2229, type: 3}
      propertyPath: m_LocalPosition.z
      value: 2.5
      objectReference: {fileID: 0}
    - target: {fileID: 8179190607742519997, guid: 44e399014eb6dcf44a35c1e3218a2229, type: 3}
      propertyPath: m_LocalRotation.w
      value: 1
      objectReference: {fileID: 0}
    - target: {fileID: 8179190607742519997, guid: 44e399014eb6dcf44a35c1e3218a2229, type: 3}
      propertyPath: m_LocalRotation.x
      value: 0
      objectReference: {fileID: 0}
    - target: {fileID: 8179190607742519997, guid: 44e399014eb6dcf44a35c1e3218a2229, type: 3}
      propertyPath: m_LocalRotation.y
      value: 0
      objectReference: {fileID: 0}
    - target: {fileID: 8179190607742519997, guid: 44e399014eb6dcf44a35c1e3218a2229, type: 3}
      propertyPath: m_LocalRotation.z
      value: 0
      objectReference: {fileID: 0}
    - target: {fileID: 8179190607742519997, guid: 44e399014eb6dcf44a35c1e3218a2229, type: 3}
      propertyPath: m_LocalEulerAnglesHint.x
      value: 0
      objectReference: {fileID: 0}
    - target: {fileID: 8179190607742519997, guid: 44e399014eb6dcf44a35c1e3218a2229, type: 3}
      propertyPath: m_LocalEulerAnglesHint.y
      value: 0
      objectReference: {fileID: 0}
    - target: {fileID: 8179190607742519997, guid: 44e399014eb6dcf44a35c1e3218a2229, type: 3}
      propertyPath: m_LocalEulerAnglesHint.z
      value: 0
      objectReference: {fileID: 0}
    - target: {fileID: 8646921589335557132, guid: 44e399014eb6dcf44a35c1e3218a2229, type: 3}
      propertyPath: m_Name
      value: FloatingPlatform00_2.5HardInteriorCorner_Fenced
      objectReference: {fileID: 0}
    - target: {fileID: 8646921589335557132, guid: 44e399014eb6dcf44a35c1e3218a2229, type: 3}
      propertyPath: m_StaticEditorFlags
      value: 1
      objectReference: {fileID: 0}
    - target: {fileID: 8753695733402360560, guid: 44e399014eb6dcf44a35c1e3218a2229, type: 3}
      propertyPath: m_StaticEditorFlags
      value: 1
      objectReference: {fileID: 0}
    - target: {fileID: 8766014213897831719, guid: 44e399014eb6dcf44a35c1e3218a2229, type: 3}
      propertyPath: m_StaticEditorFlags
      value: 1
      objectReference: {fileID: 0}
    - target: {fileID: 9142670748347150965, guid: 44e399014eb6dcf44a35c1e3218a2229, type: 3}
      propertyPath: m_StaticEditorFlags
      value: 1
      objectReference: {fileID: 0}
    m_RemovedComponents: []
  m_SourcePrefab: {fileID: 100100000, guid: 44e399014eb6dcf44a35c1e3218a2229, type: 3}
--- !u!4 &6980696673711699777 stripped
Transform:
  m_CorrespondingSourceObject: {fileID: 8179190607742519997, guid: 44e399014eb6dcf44a35c1e3218a2229, type: 3}
  m_PrefabInstance: {fileID: 1252625384200109564}
  m_PrefabAsset: {fileID: 0}
--- !u!1001 &1306674145413809356
PrefabInstance:
  m_ObjectHideFlags: 0
  serializedVersion: 2
  m_Modification:
    m_TransformParent: {fileID: 5430137339194728425}
    m_Modifications:
    - target: {fileID: 136425487007146408, guid: ea6dfd485ff91c346b45ad99dad886ce, type: 3}
      propertyPath: m_StaticEditorFlags
      value: 1
      objectReference: {fileID: 0}
    - target: {fileID: 5016165272662297382, guid: ea6dfd485ff91c346b45ad99dad886ce, type: 3}
      propertyPath: m_Materials.Array.data[2]
      value: 
      objectReference: {fileID: 2100000, guid: 83d55098ce85af74fa70a8005401459a, type: 2}
    - target: {fileID: 5549347028405496310, guid: ea6dfd485ff91c346b45ad99dad886ce, type: 3}
      propertyPath: m_RootOrder
      value: 1
      objectReference: {fileID: 0}
    - target: {fileID: 5549347028405496310, guid: ea6dfd485ff91c346b45ad99dad886ce, type: 3}
      propertyPath: m_LocalPosition.x
      value: 2.5
      objectReference: {fileID: 0}
    - target: {fileID: 5549347028405496310, guid: ea6dfd485ff91c346b45ad99dad886ce, type: 3}
      propertyPath: m_LocalPosition.y
      value: 0
      objectReference: {fileID: 0}
    - target: {fileID: 5549347028405496310, guid: ea6dfd485ff91c346b45ad99dad886ce, type: 3}
      propertyPath: m_LocalPosition.z
      value: -7.5
      objectReference: {fileID: 0}
    - target: {fileID: 5549347028405496310, guid: ea6dfd485ff91c346b45ad99dad886ce, type: 3}
      propertyPath: m_LocalRotation.w
      value: 0.70710784
      objectReference: {fileID: 0}
    - target: {fileID: 5549347028405496310, guid: ea6dfd485ff91c346b45ad99dad886ce, type: 3}
      propertyPath: m_LocalRotation.x
      value: -0
      objectReference: {fileID: 0}
    - target: {fileID: 5549347028405496310, guid: ea6dfd485ff91c346b45ad99dad886ce, type: 3}
      propertyPath: m_LocalRotation.y
      value: -0.70710576
      objectReference: {fileID: 0}
    - target: {fileID: 5549347028405496310, guid: ea6dfd485ff91c346b45ad99dad886ce, type: 3}
      propertyPath: m_LocalRotation.z
      value: -0
      objectReference: {fileID: 0}
    - target: {fileID: 5549347028405496310, guid: ea6dfd485ff91c346b45ad99dad886ce, type: 3}
      propertyPath: m_LocalEulerAnglesHint.x
      value: 0
      objectReference: {fileID: 0}
    - target: {fileID: 5549347028405496310, guid: ea6dfd485ff91c346b45ad99dad886ce, type: 3}
      propertyPath: m_LocalEulerAnglesHint.y
      value: -90
      objectReference: {fileID: 0}
    - target: {fileID: 5549347028405496310, guid: ea6dfd485ff91c346b45ad99dad886ce, type: 3}
      propertyPath: m_LocalEulerAnglesHint.z
      value: 0
      objectReference: {fileID: 0}
    - target: {fileID: 5721170951777689012, guid: ea6dfd485ff91c346b45ad99dad886ce, type: 3}
      propertyPath: m_StaticEditorFlags
      value: 1
      objectReference: {fileID: 0}
    - target: {fileID: 6839862955334140080, guid: ea6dfd485ff91c346b45ad99dad886ce, type: 3}
      propertyPath: m_Materials.Array.data[2]
      value: 
      objectReference: {fileID: 2100000, guid: 21332117746b48d4abd0442890ad5793, type: 2}
    - target: {fileID: 6839862955334140080, guid: ea6dfd485ff91c346b45ad99dad886ce, type: 3}
      propertyPath: m_Materials.Array.data[5]
      value: 
      objectReference: {fileID: 2100000, guid: 2130643de8235bd47a4a0cb2ce8df3d0, type: 2}
    - target: {fileID: 7951687588313806583, guid: ea6dfd485ff91c346b45ad99dad886ce, type: 3}
      propertyPath: m_StaticEditorFlags
      value: 1
      objectReference: {fileID: 0}
    - target: {fileID: 8097280708627282881, guid: ea6dfd485ff91c346b45ad99dad886ce, type: 3}
      propertyPath: m_StaticEditorFlags
      value: 1
      objectReference: {fileID: 0}
    - target: {fileID: 8877238938162424834, guid: ea6dfd485ff91c346b45ad99dad886ce, type: 3}
      propertyPath: m_Name
      value: FloatingPlatform00_5_Fenced (1)
      objectReference: {fileID: 0}
    - target: {fileID: 8877238938162424834, guid: ea6dfd485ff91c346b45ad99dad886ce, type: 3}
      propertyPath: m_StaticEditorFlags
      value: 1
      objectReference: {fileID: 0}
    - target: {fileID: 8932111282419383368, guid: ea6dfd485ff91c346b45ad99dad886ce, type: 3}
      propertyPath: m_StaticEditorFlags
      value: 1
      objectReference: {fileID: 0}
    - target: {fileID: 8979676513976624313, guid: ea6dfd485ff91c346b45ad99dad886ce, type: 3}
      propertyPath: m_StaticEditorFlags
      value: 1
      objectReference: {fileID: 0}
    m_RemovedComponents: []
  m_SourcePrefab: {fileID: 100100000, guid: ea6dfd485ff91c346b45ad99dad886ce, type: 3}
--- !u!4 &6854760718423125306 stripped
Transform:
  m_CorrespondingSourceObject: {fileID: 5549347028405496310, guid: ea6dfd485ff91c346b45ad99dad886ce, type: 3}
  m_PrefabInstance: {fileID: 1306674145413809356}
  m_PrefabAsset: {fileID: 0}
--- !u!1001 &1507208995785771384
PrefabInstance:
  m_ObjectHideFlags: 0
  serializedVersion: 2
  m_Modification:
    m_TransformParent: {fileID: 5430137339194728425}
    m_Modifications:
    - target: {fileID: 99308892069973773, guid: a3a29d6544b17aa4a8f1c0e0ff0f49aa, type: 3}
      propertyPath: m_RootOrder
      value: 9
      objectReference: {fileID: 0}
    - target: {fileID: 99308892069973773, guid: a3a29d6544b17aa4a8f1c0e0ff0f49aa, type: 3}
      propertyPath: m_LocalScale.y
      value: 4
      objectReference: {fileID: 0}
    - target: {fileID: 99308892069973773, guid: a3a29d6544b17aa4a8f1c0e0ff0f49aa, type: 3}
      propertyPath: m_LocalPosition.x
      value: -2.5
      objectReference: {fileID: 0}
    - target: {fileID: 99308892069973773, guid: a3a29d6544b17aa4a8f1c0e0ff0f49aa, type: 3}
      propertyPath: m_LocalPosition.y
      value: 1
      objectReference: {fileID: 0}
    - target: {fileID: 99308892069973773, guid: a3a29d6544b17aa4a8f1c0e0ff0f49aa, type: 3}
      propertyPath: m_LocalPosition.z
      value: 5
      objectReference: {fileID: 0}
    - target: {fileID: 99308892069973773, guid: a3a29d6544b17aa4a8f1c0e0ff0f49aa, type: 3}
      propertyPath: m_LocalRotation.w
      value: 0.70710784
      objectReference: {fileID: 0}
    - target: {fileID: 99308892069973773, guid: a3a29d6544b17aa4a8f1c0e0ff0f49aa, type: 3}
      propertyPath: m_LocalRotation.x
      value: -0
      objectReference: {fileID: 0}
    - target: {fileID: 99308892069973773, guid: a3a29d6544b17aa4a8f1c0e0ff0f49aa, type: 3}
      propertyPath: m_LocalRotation.y
      value: -0.70710576
      objectReference: {fileID: 0}
    - target: {fileID: 99308892069973773, guid: a3a29d6544b17aa4a8f1c0e0ff0f49aa, type: 3}
      propertyPath: m_LocalRotation.z
      value: -0
      objectReference: {fileID: 0}
    - target: {fileID: 99308892069973773, guid: a3a29d6544b17aa4a8f1c0e0ff0f49aa, type: 3}
      propertyPath: m_LocalEulerAnglesHint.x
      value: 0
      objectReference: {fileID: 0}
    - target: {fileID: 99308892069973773, guid: a3a29d6544b17aa4a8f1c0e0ff0f49aa, type: 3}
      propertyPath: m_LocalEulerAnglesHint.y
      value: -90
      objectReference: {fileID: 0}
    - target: {fileID: 99308892069973773, guid: a3a29d6544b17aa4a8f1c0e0ff0f49aa, type: 3}
      propertyPath: m_LocalEulerAnglesHint.z
      value: 0
      objectReference: {fileID: 0}
    - target: {fileID: 997534698714373905, guid: a3a29d6544b17aa4a8f1c0e0ff0f49aa, type: 3}
      propertyPath: m_Materials.Array.data[1]
      value: 
      objectReference: {fileID: 2100000, guid: 8fcf6218c399465468c9ffdfaa637641, type: 2}
    - target: {fileID: 997534698714373905, guid: a3a29d6544b17aa4a8f1c0e0ff0f49aa, type: 3}
      propertyPath: m_Materials.Array.data[2]
      value: 
      objectReference: {fileID: 2100000, guid: 21332117746b48d4abd0442890ad5793, type: 2}
    - target: {fileID: 2792533642399640519, guid: a3a29d6544b17aa4a8f1c0e0ff0f49aa, type: 3}
      propertyPath: m_Name
      value: FloorBasic00_5x2.5 (1)
      objectReference: {fileID: 0}
    - target: {fileID: 2792533642399640519, guid: a3a29d6544b17aa4a8f1c0e0ff0f49aa, type: 3}
      propertyPath: m_StaticEditorFlags
      value: 2147483647
      objectReference: {fileID: 0}
    - target: {fileID: 7792749775125771825, guid: a3a29d6544b17aa4a8f1c0e0ff0f49aa, type: 3}
      propertyPath: m_StaticEditorFlags
      value: 2147483647
      objectReference: {fileID: 0}
    m_RemovedComponents: []
  m_SourcePrefab: {fileID: 100100000, guid: a3a29d6544b17aa4a8f1c0e0ff0f49aa, type: 3}
--- !u!4 &1552192049116857973 stripped
Transform:
  m_CorrespondingSourceObject: {fileID: 99308892069973773, guid: a3a29d6544b17aa4a8f1c0e0ff0f49aa, type: 3}
  m_PrefabInstance: {fileID: 1507208995785771384}
  m_PrefabAsset: {fileID: 0}
--- !u!1001 &2730117562238827920
PrefabInstance:
  m_ObjectHideFlags: 0
  serializedVersion: 2
  m_Modification:
    m_TransformParent: {fileID: 5430137339194728425}
    m_Modifications:
    - target: {fileID: 99308892069973773, guid: a3a29d6544b17aa4a8f1c0e0ff0f49aa, type: 3}
      propertyPath: m_RootOrder
      value: 7
      objectReference: {fileID: 0}
    - target: {fileID: 99308892069973773, guid: a3a29d6544b17aa4a8f1c0e0ff0f49aa, type: 3}
      propertyPath: m_LocalScale.y
      value: 4
      objectReference: {fileID: 0}
    - target: {fileID: 99308892069973773, guid: a3a29d6544b17aa4a8f1c0e0ff0f49aa, type: 3}
      propertyPath: m_LocalPosition.x
      value: -2.5
      objectReference: {fileID: 0}
    - target: {fileID: 99308892069973773, guid: a3a29d6544b17aa4a8f1c0e0ff0f49aa, type: 3}
      propertyPath: m_LocalPosition.y
      value: 1
      objectReference: {fileID: 0}
    - target: {fileID: 99308892069973773, guid: a3a29d6544b17aa4a8f1c0e0ff0f49aa, type: 3}
      propertyPath: m_LocalPosition.z
      value: -7.5
      objectReference: {fileID: 0}
    - target: {fileID: 99308892069973773, guid: a3a29d6544b17aa4a8f1c0e0ff0f49aa, type: 3}
      propertyPath: m_LocalRotation.w
      value: 0.70710784
      objectReference: {fileID: 0}
    - target: {fileID: 99308892069973773, guid: a3a29d6544b17aa4a8f1c0e0ff0f49aa, type: 3}
      propertyPath: m_LocalRotation.x
      value: -0
      objectReference: {fileID: 0}
    - target: {fileID: 99308892069973773, guid: a3a29d6544b17aa4a8f1c0e0ff0f49aa, type: 3}
      propertyPath: m_LocalRotation.y
      value: -0.70710576
      objectReference: {fileID: 0}
    - target: {fileID: 99308892069973773, guid: a3a29d6544b17aa4a8f1c0e0ff0f49aa, type: 3}
      propertyPath: m_LocalRotation.z
      value: -0
      objectReference: {fileID: 0}
    - target: {fileID: 99308892069973773, guid: a3a29d6544b17aa4a8f1c0e0ff0f49aa, type: 3}
      propertyPath: m_LocalEulerAnglesHint.x
      value: 0
      objectReference: {fileID: 0}
    - target: {fileID: 99308892069973773, guid: a3a29d6544b17aa4a8f1c0e0ff0f49aa, type: 3}
      propertyPath: m_LocalEulerAnglesHint.y
      value: -90
      objectReference: {fileID: 0}
    - target: {fileID: 99308892069973773, guid: a3a29d6544b17aa4a8f1c0e0ff0f49aa, type: 3}
      propertyPath: m_LocalEulerAnglesHint.z
      value: 0
      objectReference: {fileID: 0}
    - target: {fileID: 997534698714373905, guid: a3a29d6544b17aa4a8f1c0e0ff0f49aa, type: 3}
      propertyPath: m_Materials.Array.data[1]
      value: 
      objectReference: {fileID: 2100000, guid: 8fcf6218c399465468c9ffdfaa637641, type: 2}
    - target: {fileID: 997534698714373905, guid: a3a29d6544b17aa4a8f1c0e0ff0f49aa, type: 3}
      propertyPath: m_Materials.Array.data[2]
      value: 
      objectReference: {fileID: 2100000, guid: 21332117746b48d4abd0442890ad5793, type: 2}
    - target: {fileID: 2792533642399640519, guid: a3a29d6544b17aa4a8f1c0e0ff0f49aa, type: 3}
      propertyPath: m_Name
      value: FloorBasic00_5x2.5
      objectReference: {fileID: 0}
    - target: {fileID: 2792533642399640519, guid: a3a29d6544b17aa4a8f1c0e0ff0f49aa, type: 3}
      propertyPath: m_StaticEditorFlags
      value: 2147483647
      objectReference: {fileID: 0}
    - target: {fileID: 7792749775125771825, guid: a3a29d6544b17aa4a8f1c0e0ff0f49aa, type: 3}
      propertyPath: m_StaticEditorFlags
      value: 2147483647
      objectReference: {fileID: 0}
    m_RemovedComponents: []
  m_SourcePrefab: {fileID: 100100000, guid: a3a29d6544b17aa4a8f1c0e0ff0f49aa, type: 3}
--- !u!4 &2631091313462915741 stripped
Transform:
  m_CorrespondingSourceObject: {fileID: 99308892069973773, guid: a3a29d6544b17aa4a8f1c0e0ff0f49aa, type: 3}
  m_PrefabInstance: {fileID: 2730117562238827920}
  m_PrefabAsset: {fileID: 0}
--- !u!1001 &2950385445286005522
PrefabInstance:
  m_ObjectHideFlags: 0
  serializedVersion: 2
  m_Modification:
    m_TransformParent: {fileID: 5430137339194728425}
    m_Modifications:
    - target: {fileID: 136425487007146408, guid: ea6dfd485ff91c346b45ad99dad886ce, type: 3}
      propertyPath: m_StaticEditorFlags
      value: 1
      objectReference: {fileID: 0}
    - target: {fileID: 5016165272662297382, guid: ea6dfd485ff91c346b45ad99dad886ce, type: 3}
      propertyPath: m_Materials.Array.data[2]
      value: 
      objectReference: {fileID: 2100000, guid: 83d55098ce85af74fa70a8005401459a, type: 2}
    - target: {fileID: 5549347028405496310, guid: ea6dfd485ff91c346b45ad99dad886ce, type: 3}
      propertyPath: m_RootOrder
      value: 5
      objectReference: {fileID: 0}
    - target: {fileID: 5549347028405496310, guid: ea6dfd485ff91c346b45ad99dad886ce, type: 3}
      propertyPath: m_LocalPosition.x
      value: -2.5
      objectReference: {fileID: 0}
    - target: {fileID: 5549347028405496310, guid: ea6dfd485ff91c346b45ad99dad886ce, type: 3}
      propertyPath: m_LocalPosition.y
      value: 0
      objectReference: {fileID: 0}
    - target: {fileID: 5549347028405496310, guid: ea6dfd485ff91c346b45ad99dad886ce, type: 3}
      propertyPath: m_LocalPosition.z
      value: 7.5
      objectReference: {fileID: 0}
    - target: {fileID: 5549347028405496310, guid: ea6dfd485ff91c346b45ad99dad886ce, type: 3}
      propertyPath: m_LocalRotation.w
      value: 0.70710784
      objectReference: {fileID: 0}
    - target: {fileID: 5549347028405496310, guid: ea6dfd485ff91c346b45ad99dad886ce, type: 3}
      propertyPath: m_LocalRotation.x
      value: -0
      objectReference: {fileID: 0}
    - target: {fileID: 5549347028405496310, guid: ea6dfd485ff91c346b45ad99dad886ce, type: 3}
      propertyPath: m_LocalRotation.y
      value: 0.70710576
      objectReference: {fileID: 0}
    - target: {fileID: 5549347028405496310, guid: ea6dfd485ff91c346b45ad99dad886ce, type: 3}
      propertyPath: m_LocalRotation.z
      value: -0
      objectReference: {fileID: 0}
    - target: {fileID: 5549347028405496310, guid: ea6dfd485ff91c346b45ad99dad886ce, type: 3}
      propertyPath: m_LocalEulerAnglesHint.x
      value: 0
      objectReference: {fileID: 0}
    - target: {fileID: 5549347028405496310, guid: ea6dfd485ff91c346b45ad99dad886ce, type: 3}
      propertyPath: m_LocalEulerAnglesHint.y
      value: 90
      objectReference: {fileID: 0}
    - target: {fileID: 5549347028405496310, guid: ea6dfd485ff91c346b45ad99dad886ce, type: 3}
      propertyPath: m_LocalEulerAnglesHint.z
      value: 0
      objectReference: {fileID: 0}
    - target: {fileID: 5721170951777689012, guid: ea6dfd485ff91c346b45ad99dad886ce, type: 3}
      propertyPath: m_StaticEditorFlags
      value: 1
      objectReference: {fileID: 0}
    - target: {fileID: 6839862955334140080, guid: ea6dfd485ff91c346b45ad99dad886ce, type: 3}
      propertyPath: m_Materials.Array.data[2]
      value: 
      objectReference: {fileID: 2100000, guid: 21332117746b48d4abd0442890ad5793, type: 2}
    - target: {fileID: 6839862955334140080, guid: ea6dfd485ff91c346b45ad99dad886ce, type: 3}
      propertyPath: m_Materials.Array.data[5]
      value: 
      objectReference: {fileID: 2100000, guid: 2130643de8235bd47a4a0cb2ce8df3d0, type: 2}
    - target: {fileID: 7951687588313806583, guid: ea6dfd485ff91c346b45ad99dad886ce, type: 3}
      propertyPath: m_StaticEditorFlags
      value: 1
      objectReference: {fileID: 0}
    - target: {fileID: 8097280708627282881, guid: ea6dfd485ff91c346b45ad99dad886ce, type: 3}
      propertyPath: m_StaticEditorFlags
      value: 1
      objectReference: {fileID: 0}
    - target: {fileID: 8877238938162424834, guid: ea6dfd485ff91c346b45ad99dad886ce, type: 3}
      propertyPath: m_Name
      value: FloatingPlatform00_5_Fenced (5)
      objectReference: {fileID: 0}
    - target: {fileID: 8877238938162424834, guid: ea6dfd485ff91c346b45ad99dad886ce, type: 3}
      propertyPath: m_StaticEditorFlags
      value: 1
      objectReference: {fileID: 0}
    - target: {fileID: 8932111282419383368, guid: ea6dfd485ff91c346b45ad99dad886ce, type: 3}
      propertyPath: m_StaticEditorFlags
      value: 1
      objectReference: {fileID: 0}
    - target: {fileID: 8979676513976624313, guid: ea6dfd485ff91c346b45ad99dad886ce, type: 3}
      propertyPath: m_StaticEditorFlags
      value: 1
      objectReference: {fileID: 0}
    m_RemovedComponents: []
  m_SourcePrefab: {fileID: 100100000, guid: ea6dfd485ff91c346b45ad99dad886ce, type: 3}
--- !u!4 &7346182802191934180 stripped
Transform:
  m_CorrespondingSourceObject: {fileID: 5549347028405496310, guid: ea6dfd485ff91c346b45ad99dad886ce, type: 3}
  m_PrefabInstance: {fileID: 2950385445286005522}
  m_PrefabAsset: {fileID: 0}
--- !u!1001 &3039537414918854148
PrefabInstance:
  m_ObjectHideFlags: 0
  serializedVersion: 2
  m_Modification:
    m_TransformParent: {fileID: 5430137339194728425}
    m_Modifications:
    - target: {fileID: 1378164454015539154, guid: 8fbe1cd33ab0ae343b5322ee88c6c536, type: 3}
      propertyPath: m_Name
      value: FloatingPlatform00_5Corner_Fenced (2)
      objectReference: {fileID: 0}
    - target: {fileID: 1378164454015539154, guid: 8fbe1cd33ab0ae343b5322ee88c6c536, type: 3}
      propertyPath: m_StaticEditorFlags
      value: 1
      objectReference: {fileID: 0}
    - target: {fileID: 1403920618368680468, guid: 8fbe1cd33ab0ae343b5322ee88c6c536, type: 3}
      propertyPath: m_RootOrder
      value: 3
      objectReference: {fileID: 0}
    - target: {fileID: 1403920618368680468, guid: 8fbe1cd33ab0ae343b5322ee88c6c536, type: 3}
      propertyPath: m_LocalPosition.x
      value: 2.5
      objectReference: {fileID: 0}
    - target: {fileID: 1403920618368680468, guid: 8fbe1cd33ab0ae343b5322ee88c6c536, type: 3}
      propertyPath: m_LocalPosition.y
      value: 0
      objectReference: {fileID: 0}
    - target: {fileID: 1403920618368680468, guid: 8fbe1cd33ab0ae343b5322ee88c6c536, type: 3}
      propertyPath: m_LocalPosition.z
      value: 5
      objectReference: {fileID: 0}
    - target: {fileID: 1403920618368680468, guid: 8fbe1cd33ab0ae343b5322ee88c6c536, type: 3}
      propertyPath: m_LocalRotation.w
      value: 0.0000029504295
      objectReference: {fileID: 0}
    - target: {fileID: 1403920618368680468, guid: 8fbe1cd33ab0ae343b5322ee88c6c536, type: 3}
      propertyPath: m_LocalRotation.x
      value: -0
      objectReference: {fileID: 0}
    - target: {fileID: 1403920618368680468, guid: 8fbe1cd33ab0ae343b5322ee88c6c536, type: 3}
      propertyPath: m_LocalRotation.y
      value: -1
      objectReference: {fileID: 0}
    - target: {fileID: 1403920618368680468, guid: 8fbe1cd33ab0ae343b5322ee88c6c536, type: 3}
      propertyPath: m_LocalRotation.z
      value: -0
      objectReference: {fileID: 0}
    - target: {fileID: 1403920618368680468, guid: 8fbe1cd33ab0ae343b5322ee88c6c536, type: 3}
      propertyPath: m_LocalEulerAnglesHint.x
      value: 0
      objectReference: {fileID: 0}
    - target: {fileID: 1403920618368680468, guid: 8fbe1cd33ab0ae343b5322ee88c6c536, type: 3}
      propertyPath: m_LocalEulerAnglesHint.y
      value: -180
      objectReference: {fileID: 0}
    - target: {fileID: 1403920618368680468, guid: 8fbe1cd33ab0ae343b5322ee88c6c536, type: 3}
      propertyPath: m_LocalEulerAnglesHint.z
      value: 0
      objectReference: {fileID: 0}
    - target: {fileID: 4117573264093335798, guid: 8fbe1cd33ab0ae343b5322ee88c6c536, type: 3}
      propertyPath: m_StaticEditorFlags
      value: 1
      objectReference: {fileID: 0}
    - target: {fileID: 4263786885234873666, guid: 8fbe1cd33ab0ae343b5322ee88c6c536, type: 3}
      propertyPath: m_StaticEditorFlags
      value: 1
      objectReference: {fileID: 0}
    - target: {fileID: 4933218767881262338, guid: 8fbe1cd33ab0ae343b5322ee88c6c536, type: 3}
      propertyPath: m_Materials.Array.data[2]
      value: 
      objectReference: {fileID: 2100000, guid: 83d55098ce85af74fa70a8005401459a, type: 2}
    - target: {fileID: 6147072218516162311, guid: 8fbe1cd33ab0ae343b5322ee88c6c536, type: 3}
      propertyPath: m_StaticEditorFlags
      value: 1
      objectReference: {fileID: 0}
    - target: {fileID: 6453553043194786675, guid: 8fbe1cd33ab0ae343b5322ee88c6c536, type: 3}
      propertyPath: m_StaticEditorFlags
      value: 1
      objectReference: {fileID: 0}
    - target: {fileID: 6622193074581343531, guid: 8fbe1cd33ab0ae343b5322ee88c6c536, type: 3}
      propertyPath: m_StaticEditorFlags
      value: 1
      objectReference: {fileID: 0}
    - target: {fileID: 7017854613054583166, guid: 8fbe1cd33ab0ae343b5322ee88c6c536, type: 3}
      propertyPath: m_StaticEditorFlags
      value: 1
      objectReference: {fileID: 0}
    - target: {fileID: 7434695247880447027, guid: 8fbe1cd33ab0ae343b5322ee88c6c536, type: 3}
      propertyPath: m_StaticEditorFlags
      value: 1
      objectReference: {fileID: 0}
    - target: {fileID: 8761391125690729423, guid: 8fbe1cd33ab0ae343b5322ee88c6c536, type: 3}
      propertyPath: m_StaticEditorFlags
      value: 1
      objectReference: {fileID: 0}
    - target: {fileID: 8820408206056563951, guid: 8fbe1cd33ab0ae343b5322ee88c6c536, type: 3}
      propertyPath: m_Materials.Array.data[2]
      value: 
      objectReference: {fileID: 2100000, guid: 21332117746b48d4abd0442890ad5793, type: 2}
    m_RemovedComponents: []
  m_SourcePrefab: {fileID: 100100000, guid: 8fbe1cd33ab0ae343b5322ee88c6c536, type: 3}
--- !u!4 &4131245004797056016 stripped
Transform:
  m_CorrespondingSourceObject: {fileID: 1403920618368680468, guid: 8fbe1cd33ab0ae343b5322ee88c6c536, type: 3}
  m_PrefabInstance: {fileID: 3039537414918854148}
  m_PrefabAsset: {fileID: 0}
--- !u!1001 &4355892554289347991
PrefabInstance:
  m_ObjectHideFlags: 0
  serializedVersion: 2
  m_Modification:
    m_TransformParent: {fileID: 5430137339194728425}
    m_Modifications:
    - target: {fileID: 6340577096625803467, guid: f997a3b6792531e42a0f0005b4d3e890, type: 3}
      propertyPath: m_RootOrder
      value: 6
      objectReference: {fileID: 0}
    - target: {fileID: 6340577096625803467, guid: f997a3b6792531e42a0f0005b4d3e890, type: 3}
      propertyPath: m_LocalScale.y
      value: 4
      objectReference: {fileID: 0}
    - target: {fileID: 6340577096625803467, guid: f997a3b6792531e42a0f0005b4d3e890, type: 3}
      propertyPath: m_LocalPosition.x
      value: 0
      objectReference: {fileID: 0}
    - target: {fileID: 6340577096625803467, guid: f997a3b6792531e42a0f0005b4d3e890, type: 3}
      propertyPath: m_LocalPosition.y
      value: 1
      objectReference: {fileID: 0}
    - target: {fileID: 6340577096625803467, guid: f997a3b6792531e42a0f0005b4d3e890, type: 3}
      propertyPath: m_LocalPosition.z
      value: -5
      objectReference: {fileID: 0}
    - target: {fileID: 6340577096625803467, guid: f997a3b6792531e42a0f0005b4d3e890, type: 3}
      propertyPath: m_LocalRotation.w
      value: 0.0000029504295
      objectReference: {fileID: 0}
    - target: {fileID: 6340577096625803467, guid: f997a3b6792531e42a0f0005b4d3e890, type: 3}
      propertyPath: m_LocalRotation.x
      value: -0
      objectReference: {fileID: 0}
    - target: {fileID: 6340577096625803467, guid: f997a3b6792531e42a0f0005b4d3e890, type: 3}
      propertyPath: m_LocalRotation.y
      value: -1
      objectReference: {fileID: 0}
    - target: {fileID: 6340577096625803467, guid: f997a3b6792531e42a0f0005b4d3e890, type: 3}
      propertyPath: m_LocalRotation.z
      value: -0
      objectReference: {fileID: 0}
    - target: {fileID: 6340577096625803467, guid: f997a3b6792531e42a0f0005b4d3e890, type: 3}
      propertyPath: m_LocalEulerAnglesHint.x
      value: 0
      objectReference: {fileID: 0}
    - target: {fileID: 6340577096625803467, guid: f997a3b6792531e42a0f0005b4d3e890, type: 3}
      propertyPath: m_LocalEulerAnglesHint.y
      value: -180
      objectReference: {fileID: 0}
    - target: {fileID: 6340577096625803467, guid: f997a3b6792531e42a0f0005b4d3e890, type: 3}
      propertyPath: m_LocalEulerAnglesHint.z
      value: 0
      objectReference: {fileID: 0}
    - target: {fileID: 6680406056783022705, guid: f997a3b6792531e42a0f0005b4d3e890, type: 3}
      propertyPath: m_Name
      value: FloorBasic00_5x10
      objectReference: {fileID: 0}
    - target: {fileID: 6680406056783022705, guid: f997a3b6792531e42a0f0005b4d3e890, type: 3}
      propertyPath: m_StaticEditorFlags
      value: 2147483647
      objectReference: {fileID: 0}
    - target: {fileID: 7587148866723299528, guid: f997a3b6792531e42a0f0005b4d3e890, type: 3}
      propertyPath: m_Materials.Array.data[0]
      value: 
      objectReference: {fileID: 2100000, guid: 8fcf6218c399465468c9ffdfaa637641, type: 2}
    - target: {fileID: 7587148866723299528, guid: f997a3b6792531e42a0f0005b4d3e890, type: 3}
      propertyPath: m_Materials.Array.data[2]
      value: 
      objectReference: {fileID: 2100000, guid: f796b36358ea4274e86a34888c8cf19d, type: 2}
    - target: {fileID: 8490672084775370152, guid: f997a3b6792531e42a0f0005b4d3e890, type: 3}
      propertyPath: m_StaticEditorFlags
      value: 2147483647
      objectReference: {fileID: 0}
    m_RemovedComponents: []
  m_SourcePrefab: {fileID: 100100000, guid: f997a3b6792531e42a0f0005b4d3e890, type: 3}
--- !u!4 &7749987378167852380 stripped
Transform:
  m_CorrespondingSourceObject: {fileID: 6340577096625803467, guid: f997a3b6792531e42a0f0005b4d3e890, type: 3}
  m_PrefabInstance: {fileID: 4355892554289347991}
  m_PrefabAsset: {fileID: 0}
--- !u!1001 &4360663664099007692
PrefabInstance:
  m_ObjectHideFlags: 0
  serializedVersion: 2
  m_Modification:
    m_TransformParent: {fileID: 5430137339194728425}
    m_Modifications:
    - target: {fileID: 99308892069973773, guid: a3a29d6544b17aa4a8f1c0e0ff0f49aa, type: 3}
      propertyPath: m_RootOrder
      value: 19
      objectReference: {fileID: 0}
    - target: {fileID: 99308892069973773, guid: a3a29d6544b17aa4a8f1c0e0ff0f49aa, type: 3}
      propertyPath: m_LocalScale.y
      value: 4
      objectReference: {fileID: 0}
    - target: {fileID: 99308892069973773, guid: a3a29d6544b17aa4a8f1c0e0ff0f49aa, type: 3}
      propertyPath: m_LocalPosition.x
      value: -5
      objectReference: {fileID: 0}
    - target: {fileID: 99308892069973773, guid: a3a29d6544b17aa4a8f1c0e0ff0f49aa, type: 3}
      propertyPath: m_LocalPosition.y
      value: 1
      objectReference: {fileID: 0}
    - target: {fileID: 99308892069973773, guid: a3a29d6544b17aa4a8f1c0e0ff0f49aa, type: 3}
      propertyPath: m_LocalPosition.z
      value: -2.5
      objectReference: {fileID: 0}
    - target: {fileID: 99308892069973773, guid: a3a29d6544b17aa4a8f1c0e0ff0f49aa, type: 3}
      propertyPath: m_LocalRotation.w
      value: 0.0000029504295
      objectReference: {fileID: 0}
    - target: {fileID: 99308892069973773, guid: a3a29d6544b17aa4a8f1c0e0ff0f49aa, type: 3}
      propertyPath: m_LocalRotation.x
      value: -0
      objectReference: {fileID: 0}
    - target: {fileID: 99308892069973773, guid: a3a29d6544b17aa4a8f1c0e0ff0f49aa, type: 3}
      propertyPath: m_LocalRotation.y
      value: -1
      objectReference: {fileID: 0}
    - target: {fileID: 99308892069973773, guid: a3a29d6544b17aa4a8f1c0e0ff0f49aa, type: 3}
      propertyPath: m_LocalRotation.z
      value: -0
      objectReference: {fileID: 0}
    - target: {fileID: 99308892069973773, guid: a3a29d6544b17aa4a8f1c0e0ff0f49aa, type: 3}
      propertyPath: m_LocalEulerAnglesHint.x
      value: 0
      objectReference: {fileID: 0}
    - target: {fileID: 99308892069973773, guid: a3a29d6544b17aa4a8f1c0e0ff0f49aa, type: 3}
      propertyPath: m_LocalEulerAnglesHint.y
      value: -180
      objectReference: {fileID: 0}
    - target: {fileID: 99308892069973773, guid: a3a29d6544b17aa4a8f1c0e0ff0f49aa, type: 3}
      propertyPath: m_LocalEulerAnglesHint.z
      value: 0
      objectReference: {fileID: 0}
    - target: {fileID: 997534698714373905, guid: a3a29d6544b17aa4a8f1c0e0ff0f49aa, type: 3}
      propertyPath: m_Materials.Array.data[1]
      value: 
      objectReference: {fileID: 2100000, guid: 8fcf6218c399465468c9ffdfaa637641, type: 2}
    - target: {fileID: 997534698714373905, guid: a3a29d6544b17aa4a8f1c0e0ff0f49aa, type: 3}
      propertyPath: m_Materials.Array.data[2]
      value: 
      objectReference: {fileID: 2100000, guid: 21332117746b48d4abd0442890ad5793, type: 2}
    - target: {fileID: 2792533642399640519, guid: a3a29d6544b17aa4a8f1c0e0ff0f49aa, type: 3}
      propertyPath: m_Name
      value: FloorBasic00_5x2.5 (3)
      objectReference: {fileID: 0}
    - target: {fileID: 2792533642399640519, guid: a3a29d6544b17aa4a8f1c0e0ff0f49aa, type: 3}
      propertyPath: m_StaticEditorFlags
      value: 2147483647
      objectReference: {fileID: 0}
    - target: {fileID: 7792749775125771825, guid: a3a29d6544b17aa4a8f1c0e0ff0f49aa, type: 3}
      propertyPath: m_StaticEditorFlags
      value: 2147483647
      objectReference: {fileID: 0}
    m_RemovedComponents: []
  m_SourcePrefab: {fileID: 100100000, guid: a3a29d6544b17aa4a8f1c0e0ff0f49aa, type: 3}
--- !u!4 &4459936469767508929 stripped
Transform:
  m_CorrespondingSourceObject: {fileID: 99308892069973773, guid: a3a29d6544b17aa4a8f1c0e0ff0f49aa, type: 3}
  m_PrefabInstance: {fileID: 4360663664099007692}
  m_PrefabAsset: {fileID: 0}
--- !u!1001 &4376145471853052472
PrefabInstance:
  m_ObjectHideFlags: 0
  serializedVersion: 2
  m_Modification:
    m_TransformParent: {fileID: 5430137339194728425}
    m_Modifications:
    - target: {fileID: 1378164454015539154, guid: 8fbe1cd33ab0ae343b5322ee88c6c536, type: 3}
      propertyPath: m_Name
      value: FloatingPlatform00_5Corner_Fenced (3)
      objectReference: {fileID: 0}
    - target: {fileID: 1378164454015539154, guid: 8fbe1cd33ab0ae343b5322ee88c6c536, type: 3}
      propertyPath: m_StaticEditorFlags
      value: 1
      objectReference: {fileID: 0}
    - target: {fileID: 1403920618368680468, guid: 8fbe1cd33ab0ae343b5322ee88c6c536, type: 3}
      propertyPath: m_RootOrder
      value: 4
      objectReference: {fileID: 0}
    - target: {fileID: 1403920618368680468, guid: 8fbe1cd33ab0ae343b5322ee88c6c536, type: 3}
      propertyPath: m_LocalPosition.x
      value: -2.5
      objectReference: {fileID: 0}
    - target: {fileID: 1403920618368680468, guid: 8fbe1cd33ab0ae343b5322ee88c6c536, type: 3}
      propertyPath: m_LocalPosition.y
      value: 0
      objectReference: {fileID: 0}
    - target: {fileID: 1403920618368680468, guid: 8fbe1cd33ab0ae343b5322ee88c6c536, type: 3}
      propertyPath: m_LocalPosition.z
      value: 5
      objectReference: {fileID: 0}
    - target: {fileID: 1403920618368680468, guid: 8fbe1cd33ab0ae343b5322ee88c6c536, type: 3}
      propertyPath: m_LocalRotation.w
      value: 0.7071078
      objectReference: {fileID: 0}
    - target: {fileID: 1403920618368680468, guid: 8fbe1cd33ab0ae343b5322ee88c6c536, type: 3}
      propertyPath: m_LocalRotation.x
      value: -0
      objectReference: {fileID: 0}
    - target: {fileID: 1403920618368680468, guid: 8fbe1cd33ab0ae343b5322ee88c6c536, type: 3}
      propertyPath: m_LocalRotation.y
      value: 0.7071058
      objectReference: {fileID: 0}
    - target: {fileID: 1403920618368680468, guid: 8fbe1cd33ab0ae343b5322ee88c6c536, type: 3}
      propertyPath: m_LocalRotation.z
      value: -0
      objectReference: {fileID: 0}
    - target: {fileID: 1403920618368680468, guid: 8fbe1cd33ab0ae343b5322ee88c6c536, type: 3}
      propertyPath: m_LocalEulerAnglesHint.x
      value: 0
      objectReference: {fileID: 0}
    - target: {fileID: 1403920618368680468, guid: 8fbe1cd33ab0ae343b5322ee88c6c536, type: 3}
      propertyPath: m_LocalEulerAnglesHint.y
      value: 90
      objectReference: {fileID: 0}
    - target: {fileID: 1403920618368680468, guid: 8fbe1cd33ab0ae343b5322ee88c6c536, type: 3}
      propertyPath: m_LocalEulerAnglesHint.z
      value: 0
      objectReference: {fileID: 0}
    - target: {fileID: 4117573264093335798, guid: 8fbe1cd33ab0ae343b5322ee88c6c536, type: 3}
      propertyPath: m_StaticEditorFlags
      value: 1
      objectReference: {fileID: 0}
    - target: {fileID: 4263786885234873666, guid: 8fbe1cd33ab0ae343b5322ee88c6c536, type: 3}
      propertyPath: m_StaticEditorFlags
      value: 1
      objectReference: {fileID: 0}
    - target: {fileID: 4933218767881262338, guid: 8fbe1cd33ab0ae343b5322ee88c6c536, type: 3}
      propertyPath: m_Materials.Array.data[2]
      value: 
      objectReference: {fileID: 2100000, guid: 83d55098ce85af74fa70a8005401459a, type: 2}
    - target: {fileID: 6147072218516162311, guid: 8fbe1cd33ab0ae343b5322ee88c6c536, type: 3}
      propertyPath: m_StaticEditorFlags
      value: 1
      objectReference: {fileID: 0}
    - target: {fileID: 6453553043194786675, guid: 8fbe1cd33ab0ae343b5322ee88c6c536, type: 3}
      propertyPath: m_StaticEditorFlags
      value: 1
      objectReference: {fileID: 0}
    - target: {fileID: 6622193074581343531, guid: 8fbe1cd33ab0ae343b5322ee88c6c536, type: 3}
      propertyPath: m_StaticEditorFlags
      value: 1
      objectReference: {fileID: 0}
    - target: {fileID: 7017854613054583166, guid: 8fbe1cd33ab0ae343b5322ee88c6c536, type: 3}
      propertyPath: m_StaticEditorFlags
      value: 1
      objectReference: {fileID: 0}
    - target: {fileID: 7434695247880447027, guid: 8fbe1cd33ab0ae343b5322ee88c6c536, type: 3}
      propertyPath: m_StaticEditorFlags
      value: 1
      objectReference: {fileID: 0}
    - target: {fileID: 8761391125690729423, guid: 8fbe1cd33ab0ae343b5322ee88c6c536, type: 3}
      propertyPath: m_StaticEditorFlags
      value: 1
      objectReference: {fileID: 0}
    - target: {fileID: 8820408206056563951, guid: 8fbe1cd33ab0ae343b5322ee88c6c536, type: 3}
      propertyPath: m_Materials.Array.data[2]
      value: 
      objectReference: {fileID: 2100000, guid: 21332117746b48d4abd0442890ad5793, type: 2}
    m_RemovedComponents: []
  m_SourcePrefab: {fileID: 100100000, guid: 8fbe1cd33ab0ae343b5322ee88c6c536, type: 3}
--- !u!4 &3440903238839828524 stripped
Transform:
  m_CorrespondingSourceObject: {fileID: 1403920618368680468, guid: 8fbe1cd33ab0ae343b5322ee88c6c536, type: 3}
  m_PrefabInstance: {fileID: 4376145471853052472}
  m_PrefabAsset: {fileID: 0}
--- !u!1001 &4981185897970329925
PrefabInstance:
  m_ObjectHideFlags: 0
  serializedVersion: 2
  m_Modification:
    m_TransformParent: {fileID: 5430137339194728425}
    m_Modifications:
    - target: {fileID: 1378164454015539154, guid: 8fbe1cd33ab0ae343b5322ee88c6c536, type: 3}
      propertyPath: m_Name
      value: FloatingPlatform00_5Corner_Fenced (4)
      objectReference: {fileID: 0}
    - target: {fileID: 1378164454015539154, guid: 8fbe1cd33ab0ae343b5322ee88c6c536, type: 3}
      propertyPath: m_StaticEditorFlags
      value: 1
      objectReference: {fileID: 0}
    - target: {fileID: 1403920618368680468, guid: 8fbe1cd33ab0ae343b5322ee88c6c536, type: 3}
      propertyPath: m_RootOrder
      value: 10
      objectReference: {fileID: 0}
    - target: {fileID: 1403920618368680468, guid: 8fbe1cd33ab0ae343b5322ee88c6c536, type: 3}
      propertyPath: m_LocalPosition.x
      value: -7.5
      objectReference: {fileID: 0}
    - target: {fileID: 1403920618368680468, guid: 8fbe1cd33ab0ae343b5322ee88c6c536, type: 3}
      propertyPath: m_LocalPosition.y
      value: 0
      objectReference: {fileID: 0}
    - target: {fileID: 1403920618368680468, guid: 8fbe1cd33ab0ae343b5322ee88c6c536, type: 3}
      propertyPath: m_LocalPosition.z
      value: 0
      objectReference: {fileID: 0}
    - target: {fileID: 1403920618368680468, guid: 8fbe1cd33ab0ae343b5322ee88c6c536, type: 3}
      propertyPath: m_LocalRotation.w
      value: 1
      objectReference: {fileID: 0}
    - target: {fileID: 1403920618368680468, guid: 8fbe1cd33ab0ae343b5322ee88c6c536, type: 3}
      propertyPath: m_LocalRotation.x
      value: -0
      objectReference: {fileID: 0}
    - target: {fileID: 1403920618368680468, guid: 8fbe1cd33ab0ae343b5322ee88c6c536, type: 3}
      propertyPath: m_LocalRotation.y
      value: -0
      objectReference: {fileID: 0}
    - target: {fileID: 1403920618368680468, guid: 8fbe1cd33ab0ae343b5322ee88c6c536, type: 3}
      propertyPath: m_LocalRotation.z
      value: -0
      objectReference: {fileID: 0}
    - target: {fileID: 1403920618368680468, guid: 8fbe1cd33ab0ae343b5322ee88c6c536, type: 3}
      propertyPath: m_LocalEulerAnglesHint.x
      value: 0
      objectReference: {fileID: 0}
    - target: {fileID: 1403920618368680468, guid: 8fbe1cd33ab0ae343b5322ee88c6c536, type: 3}
      propertyPath: m_LocalEulerAnglesHint.y
      value: 0
      objectReference: {fileID: 0}
    - target: {fileID: 1403920618368680468, guid: 8fbe1cd33ab0ae343b5322ee88c6c536, type: 3}
      propertyPath: m_LocalEulerAnglesHint.z
      value: 0
      objectReference: {fileID: 0}
    - target: {fileID: 4117573264093335798, guid: 8fbe1cd33ab0ae343b5322ee88c6c536, type: 3}
      propertyPath: m_StaticEditorFlags
      value: 1
      objectReference: {fileID: 0}
    - target: {fileID: 4263786885234873666, guid: 8fbe1cd33ab0ae343b5322ee88c6c536, type: 3}
      propertyPath: m_StaticEditorFlags
      value: 1
      objectReference: {fileID: 0}
    - target: {fileID: 4933218767881262338, guid: 8fbe1cd33ab0ae343b5322ee88c6c536, type: 3}
      propertyPath: m_Materials.Array.data[2]
      value: 
      objectReference: {fileID: 2100000, guid: 83d55098ce85af74fa70a8005401459a, type: 2}
    - target: {fileID: 6147072218516162311, guid: 8fbe1cd33ab0ae343b5322ee88c6c536, type: 3}
      propertyPath: m_StaticEditorFlags
      value: 1
      objectReference: {fileID: 0}
    - target: {fileID: 6453553043194786675, guid: 8fbe1cd33ab0ae343b5322ee88c6c536, type: 3}
      propertyPath: m_StaticEditorFlags
      value: 1
      objectReference: {fileID: 0}
    - target: {fileID: 6622193074581343531, guid: 8fbe1cd33ab0ae343b5322ee88c6c536, type: 3}
      propertyPath: m_StaticEditorFlags
      value: 1
      objectReference: {fileID: 0}
    - target: {fileID: 7017854613054583166, guid: 8fbe1cd33ab0ae343b5322ee88c6c536, type: 3}
      propertyPath: m_StaticEditorFlags
      value: 1
      objectReference: {fileID: 0}
    - target: {fileID: 7434695247880447027, guid: 8fbe1cd33ab0ae343b5322ee88c6c536, type: 3}
      propertyPath: m_StaticEditorFlags
      value: 1
      objectReference: {fileID: 0}
    - target: {fileID: 8761391125690729423, guid: 8fbe1cd33ab0ae343b5322ee88c6c536, type: 3}
      propertyPath: m_StaticEditorFlags
      value: 1
      objectReference: {fileID: 0}
    - target: {fileID: 8820408206056563951, guid: 8fbe1cd33ab0ae343b5322ee88c6c536, type: 3}
      propertyPath: m_Materials.Array.data[2]
      value: 
      objectReference: {fileID: 2100000, guid: 21332117746b48d4abd0442890ad5793, type: 2}
    m_RemovedComponents: []
  m_SourcePrefab: {fileID: 100100000, guid: 8fbe1cd33ab0ae343b5322ee88c6c536, type: 3}
--- !u!4 &6222567808325299025 stripped
Transform:
  m_CorrespondingSourceObject: {fileID: 1403920618368680468, guid: 8fbe1cd33ab0ae343b5322ee88c6c536, type: 3}
  m_PrefabInstance: {fileID: 4981185897970329925}
  m_PrefabAsset: {fileID: 0}
--- !u!1001 &6157076618155074806
PrefabInstance:
  m_ObjectHideFlags: 0
  serializedVersion: 2
  m_Modification:
    m_TransformParent: {fileID: 5430137339194728425}
    m_Modifications:
    - target: {fileID: 1378164454015539154, guid: 8fbe1cd33ab0ae343b5322ee88c6c536, type: 3}
      propertyPath: m_Name
      value: FloatingPlatform00_5Corner_Fenced (1)
      objectReference: {fileID: 0}
    - target: {fileID: 1378164454015539154, guid: 8fbe1cd33ab0ae343b5322ee88c6c536, type: 3}
      propertyPath: m_StaticEditorFlags
      value: 1
      objectReference: {fileID: 0}
    - target: {fileID: 1403920618368680468, guid: 8fbe1cd33ab0ae343b5322ee88c6c536, type: 3}
      propertyPath: m_RootOrder
      value: 2
      objectReference: {fileID: 0}
    - target: {fileID: 1403920618368680468, guid: 8fbe1cd33ab0ae343b5322ee88c6c536, type: 3}
      propertyPath: m_LocalPosition.x
      value: 2.5
      objectReference: {fileID: 0}
    - target: {fileID: 1403920618368680468, guid: 8fbe1cd33ab0ae343b5322ee88c6c536, type: 3}
      propertyPath: m_LocalPosition.y
      value: 0
      objectReference: {fileID: 0}
    - target: {fileID: 1403920618368680468, guid: 8fbe1cd33ab0ae343b5322ee88c6c536, type: 3}
      propertyPath: m_LocalPosition.z
      value: -5
      objectReference: {fileID: 0}
    - target: {fileID: 1403920618368680468, guid: 8fbe1cd33ab0ae343b5322ee88c6c536, type: 3}
      propertyPath: m_LocalRotation.w
      value: 0.70710784
      objectReference: {fileID: 0}
    - target: {fileID: 1403920618368680468, guid: 8fbe1cd33ab0ae343b5322ee88c6c536, type: 3}
      propertyPath: m_LocalRotation.x
      value: -0
      objectReference: {fileID: 0}
    - target: {fileID: 1403920618368680468, guid: 8fbe1cd33ab0ae343b5322ee88c6c536, type: 3}
      propertyPath: m_LocalRotation.y
      value: -0.70710576
      objectReference: {fileID: 0}
    - target: {fileID: 1403920618368680468, guid: 8fbe1cd33ab0ae343b5322ee88c6c536, type: 3}
      propertyPath: m_LocalRotation.z
      value: -0
      objectReference: {fileID: 0}
    - target: {fileID: 1403920618368680468, guid: 8fbe1cd33ab0ae343b5322ee88c6c536, type: 3}
      propertyPath: m_LocalEulerAnglesHint.x
      value: 0
      objectReference: {fileID: 0}
    - target: {fileID: 1403920618368680468, guid: 8fbe1cd33ab0ae343b5322ee88c6c536, type: 3}
      propertyPath: m_LocalEulerAnglesHint.y
      value: -90
      objectReference: {fileID: 0}
    - target: {fileID: 1403920618368680468, guid: 8fbe1cd33ab0ae343b5322ee88c6c536, type: 3}
      propertyPath: m_LocalEulerAnglesHint.z
      value: 0
      objectReference: {fileID: 0}
    - target: {fileID: 4117573264093335798, guid: 8fbe1cd33ab0ae343b5322ee88c6c536, type: 3}
      propertyPath: m_StaticEditorFlags
      value: 1
      objectReference: {fileID: 0}
    - target: {fileID: 4263786885234873666, guid: 8fbe1cd33ab0ae343b5322ee88c6c536, type: 3}
      propertyPath: m_StaticEditorFlags
      value: 1
      objectReference: {fileID: 0}
    - target: {fileID: 4933218767881262338, guid: 8fbe1cd33ab0ae343b5322ee88c6c536, type: 3}
      propertyPath: m_Materials.Array.data[2]
      value: 
      objectReference: {fileID: 2100000, guid: 83d55098ce85af74fa70a8005401459a, type: 2}
    - target: {fileID: 6147072218516162311, guid: 8fbe1cd33ab0ae343b5322ee88c6c536, type: 3}
      propertyPath: m_StaticEditorFlags
      value: 1
      objectReference: {fileID: 0}
    - target: {fileID: 6453553043194786675, guid: 8fbe1cd33ab0ae343b5322ee88c6c536, type: 3}
      propertyPath: m_StaticEditorFlags
      value: 1
      objectReference: {fileID: 0}
    - target: {fileID: 6622193074581343531, guid: 8fbe1cd33ab0ae343b5322ee88c6c536, type: 3}
      propertyPath: m_StaticEditorFlags
      value: 1
      objectReference: {fileID: 0}
    - target: {fileID: 7017854613054583166, guid: 8fbe1cd33ab0ae343b5322ee88c6c536, type: 3}
      propertyPath: m_StaticEditorFlags
      value: 1
      objectReference: {fileID: 0}
    - target: {fileID: 7434695247880447027, guid: 8fbe1cd33ab0ae343b5322ee88c6c536, type: 3}
      propertyPath: m_StaticEditorFlags
      value: 1
      objectReference: {fileID: 0}
    - target: {fileID: 8761391125690729423, guid: 8fbe1cd33ab0ae343b5322ee88c6c536, type: 3}
      propertyPath: m_StaticEditorFlags
      value: 1
      objectReference: {fileID: 0}
    - target: {fileID: 8820408206056563951, guid: 8fbe1cd33ab0ae343b5322ee88c6c536, type: 3}
      propertyPath: m_Materials.Array.data[2]
      value: 
      objectReference: {fileID: 2100000, guid: 21332117746b48d4abd0442890ad5793, type: 2}
    m_RemovedComponents: []
  m_SourcePrefab: {fileID: 100100000, guid: 8fbe1cd33ab0ae343b5322ee88c6c536, type: 3}
--- !u!4 &5046827422507951842 stripped
Transform:
  m_CorrespondingSourceObject: {fileID: 1403920618368680468, guid: 8fbe1cd33ab0ae343b5322ee88c6c536, type: 3}
  m_PrefabInstance: {fileID: 6157076618155074806}
  m_PrefabAsset: {fileID: 0}
--- !u!1001 &6403789145519585131
PrefabInstance:
  m_ObjectHideFlags: 0
  serializedVersion: 2
  m_Modification:
    m_TransformParent: {fileID: 5430137339194728425}
    m_Modifications:
    - target: {fileID: 1378164454015539154, guid: 8fbe1cd33ab0ae343b5322ee88c6c536, type: 3}
      propertyPath: m_Name
      value: FloatingPlatform00_5Corner_Fenced (7)
      objectReference: {fileID: 0}
    - target: {fileID: 1378164454015539154, guid: 8fbe1cd33ab0ae343b5322ee88c6c536, type: 3}
      propertyPath: m_StaticEditorFlags
      value: 1
      objectReference: {fileID: 0}
    - target: {fileID: 1403920618368680468, guid: 8fbe1cd33ab0ae343b5322ee88c6c536, type: 3}
      propertyPath: m_RootOrder
      value: 13
      objectReference: {fileID: 0}
    - target: {fileID: 1403920618368680468, guid: 8fbe1cd33ab0ae343b5322ee88c6c536, type: 3}
      propertyPath: m_LocalPosition.x
      value: 7.5
      objectReference: {fileID: 0}
    - target: {fileID: 1403920618368680468, guid: 8fbe1cd33ab0ae343b5322ee88c6c536, type: 3}
      propertyPath: m_LocalPosition.y
      value: 0
      objectReference: {fileID: 0}
    - target: {fileID: 1403920618368680468, guid: 8fbe1cd33ab0ae343b5322ee88c6c536, type: 3}
      propertyPath: m_LocalPosition.z
      value: 0
      objectReference: {fileID: 0}
    - target: {fileID: 1403920618368680468, guid: 8fbe1cd33ab0ae343b5322ee88c6c536, type: 3}
      propertyPath: m_LocalRotation.w
      value: 0.0000029504295
      objectReference: {fileID: 0}
    - target: {fileID: 1403920618368680468, guid: 8fbe1cd33ab0ae343b5322ee88c6c536, type: 3}
      propertyPath: m_LocalRotation.x
      value: -0
      objectReference: {fileID: 0}
    - target: {fileID: 1403920618368680468, guid: 8fbe1cd33ab0ae343b5322ee88c6c536, type: 3}
      propertyPath: m_LocalRotation.y
      value: -1
      objectReference: {fileID: 0}
    - target: {fileID: 1403920618368680468, guid: 8fbe1cd33ab0ae343b5322ee88c6c536, type: 3}
      propertyPath: m_LocalRotation.z
      value: -0
      objectReference: {fileID: 0}
    - target: {fileID: 1403920618368680468, guid: 8fbe1cd33ab0ae343b5322ee88c6c536, type: 3}
      propertyPath: m_LocalEulerAnglesHint.x
      value: 0
      objectReference: {fileID: 0}
    - target: {fileID: 1403920618368680468, guid: 8fbe1cd33ab0ae343b5322ee88c6c536, type: 3}
      propertyPath: m_LocalEulerAnglesHint.y
      value: -180
      objectReference: {fileID: 0}
    - target: {fileID: 1403920618368680468, guid: 8fbe1cd33ab0ae343b5322ee88c6c536, type: 3}
      propertyPath: m_LocalEulerAnglesHint.z
      value: 0
      objectReference: {fileID: 0}
    - target: {fileID: 4117573264093335798, guid: 8fbe1cd33ab0ae343b5322ee88c6c536, type: 3}
      propertyPath: m_StaticEditorFlags
      value: 1
      objectReference: {fileID: 0}
    - target: {fileID: 4263786885234873666, guid: 8fbe1cd33ab0ae343b5322ee88c6c536, type: 3}
      propertyPath: m_StaticEditorFlags
      value: 1
      objectReference: {fileID: 0}
    - target: {fileID: 4933218767881262338, guid: 8fbe1cd33ab0ae343b5322ee88c6c536, type: 3}
      propertyPath: m_Materials.Array.data[2]
      value: 
      objectReference: {fileID: 2100000, guid: 83d55098ce85af74fa70a8005401459a, type: 2}
    - target: {fileID: 6147072218516162311, guid: 8fbe1cd33ab0ae343b5322ee88c6c536, type: 3}
      propertyPath: m_StaticEditorFlags
      value: 1
      objectReference: {fileID: 0}
    - target: {fileID: 6453553043194786675, guid: 8fbe1cd33ab0ae343b5322ee88c6c536, type: 3}
      propertyPath: m_StaticEditorFlags
      value: 1
      objectReference: {fileID: 0}
    - target: {fileID: 6622193074581343531, guid: 8fbe1cd33ab0ae343b5322ee88c6c536, type: 3}
      propertyPath: m_StaticEditorFlags
      value: 1
      objectReference: {fileID: 0}
    - target: {fileID: 7017854613054583166, guid: 8fbe1cd33ab0ae343b5322ee88c6c536, type: 3}
      propertyPath: m_StaticEditorFlags
      value: 1
      objectReference: {fileID: 0}
    - target: {fileID: 7434695247880447027, guid: 8fbe1cd33ab0ae343b5322ee88c6c536, type: 3}
      propertyPath: m_StaticEditorFlags
      value: 1
      objectReference: {fileID: 0}
    - target: {fileID: 8761391125690729423, guid: 8fbe1cd33ab0ae343b5322ee88c6c536, type: 3}
      propertyPath: m_StaticEditorFlags
      value: 1
      objectReference: {fileID: 0}
    - target: {fileID: 8820408206056563951, guid: 8fbe1cd33ab0ae343b5322ee88c6c536, type: 3}
      propertyPath: m_Materials.Array.data[2]
      value: 
      objectReference: {fileID: 2100000, guid: 21332117746b48d4abd0442890ad5793, type: 2}
    m_RemovedComponents: []
  m_SourcePrefab: {fileID: 100100000, guid: 8fbe1cd33ab0ae343b5322ee88c6c536, type: 3}
--- !u!4 &5450883946072257919 stripped
Transform:
  m_CorrespondingSourceObject: {fileID: 1403920618368680468, guid: 8fbe1cd33ab0ae343b5322ee88c6c536, type: 3}
  m_PrefabInstance: {fileID: 6403789145519585131}
  m_PrefabAsset: {fileID: 0}
--- !u!1001 &6569396313999940549
PrefabInstance:
  m_ObjectHideFlags: 0
  serializedVersion: 2
  m_Modification:
    m_TransformParent: {fileID: 5430137339194728425}
    m_Modifications:
    - target: {fileID: 1378164454015539154, guid: 8fbe1cd33ab0ae343b5322ee88c6c536, type: 3}
      propertyPath: m_Name
      value: FloatingPlatform00_5Corner_Fenced (6)
      objectReference: {fileID: 0}
    - target: {fileID: 1378164454015539154, guid: 8fbe1cd33ab0ae343b5322ee88c6c536, type: 3}
      propertyPath: m_StaticEditorFlags
      value: 1
      objectReference: {fileID: 0}
    - target: {fileID: 1403920618368680468, guid: 8fbe1cd33ab0ae343b5322ee88c6c536, type: 3}
      propertyPath: m_RootOrder
      value: 12
      objectReference: {fileID: 0}
    - target: {fileID: 1403920618368680468, guid: 8fbe1cd33ab0ae343b5322ee88c6c536, type: 3}
      propertyPath: m_LocalPosition.x
      value: 7.5
      objectReference: {fileID: 0}
    - target: {fileID: 1403920618368680468, guid: 8fbe1cd33ab0ae343b5322ee88c6c536, type: 3}
      propertyPath: m_LocalPosition.y
      value: 0
      objectReference: {fileID: 0}
    - target: {fileID: 1403920618368680468, guid: 8fbe1cd33ab0ae343b5322ee88c6c536, type: 3}
      propertyPath: m_LocalPosition.z
      value: 0
      objectReference: {fileID: 0}
    - target: {fileID: 1403920618368680468, guid: 8fbe1cd33ab0ae343b5322ee88c6c536, type: 3}
      propertyPath: m_LocalRotation.w
      value: 0.70710784
      objectReference: {fileID: 0}
    - target: {fileID: 1403920618368680468, guid: 8fbe1cd33ab0ae343b5322ee88c6c536, type: 3}
      propertyPath: m_LocalRotation.x
      value: -0
      objectReference: {fileID: 0}
    - target: {fileID: 1403920618368680468, guid: 8fbe1cd33ab0ae343b5322ee88c6c536, type: 3}
      propertyPath: m_LocalRotation.y
      value: -0.70710576
      objectReference: {fileID: 0}
    - target: {fileID: 1403920618368680468, guid: 8fbe1cd33ab0ae343b5322ee88c6c536, type: 3}
      propertyPath: m_LocalRotation.z
      value: -0
      objectReference: {fileID: 0}
    - target: {fileID: 1403920618368680468, guid: 8fbe1cd33ab0ae343b5322ee88c6c536, type: 3}
      propertyPath: m_LocalEulerAnglesHint.x
      value: 0
      objectReference: {fileID: 0}
    - target: {fileID: 1403920618368680468, guid: 8fbe1cd33ab0ae343b5322ee88c6c536, type: 3}
      propertyPath: m_LocalEulerAnglesHint.y
      value: -90
      objectReference: {fileID: 0}
    - target: {fileID: 1403920618368680468, guid: 8fbe1cd33ab0ae343b5322ee88c6c536, type: 3}
      propertyPath: m_LocalEulerAnglesHint.z
      value: 0
      objectReference: {fileID: 0}
    - target: {fileID: 4117573264093335798, guid: 8fbe1cd33ab0ae343b5322ee88c6c536, type: 3}
      propertyPath: m_StaticEditorFlags
      value: 1
      objectReference: {fileID: 0}
    - target: {fileID: 4263786885234873666, guid: 8fbe1cd33ab0ae343b5322ee88c6c536, type: 3}
      propertyPath: m_StaticEditorFlags
      value: 1
      objectReference: {fileID: 0}
    - target: {fileID: 4933218767881262338, guid: 8fbe1cd33ab0ae343b5322ee88c6c536, type: 3}
      propertyPath: m_Materials.Array.data[2]
      value: 
      objectReference: {fileID: 2100000, guid: 83d55098ce85af74fa70a8005401459a, type: 2}
    - target: {fileID: 6147072218516162311, guid: 8fbe1cd33ab0ae343b5322ee88c6c536, type: 3}
      propertyPath: m_StaticEditorFlags
      value: 1
      objectReference: {fileID: 0}
    - target: {fileID: 6453553043194786675, guid: 8fbe1cd33ab0ae343b5322ee88c6c536, type: 3}
      propertyPath: m_StaticEditorFlags
      value: 1
      objectReference: {fileID: 0}
    - target: {fileID: 6622193074581343531, guid: 8fbe1cd33ab0ae343b5322ee88c6c536, type: 3}
      propertyPath: m_StaticEditorFlags
      value: 1
      objectReference: {fileID: 0}
    - target: {fileID: 7017854613054583166, guid: 8fbe1cd33ab0ae343b5322ee88c6c536, type: 3}
      propertyPath: m_StaticEditorFlags
      value: 1
      objectReference: {fileID: 0}
    - target: {fileID: 7434695247880447027, guid: 8fbe1cd33ab0ae343b5322ee88c6c536, type: 3}
      propertyPath: m_StaticEditorFlags
      value: 1
      objectReference: {fileID: 0}
    - target: {fileID: 8761391125690729423, guid: 8fbe1cd33ab0ae343b5322ee88c6c536, type: 3}
      propertyPath: m_StaticEditorFlags
      value: 1
      objectReference: {fileID: 0}
    - target: {fileID: 8820408206056563951, guid: 8fbe1cd33ab0ae343b5322ee88c6c536, type: 3}
      propertyPath: m_Materials.Array.data[2]
      value: 
      objectReference: {fileID: 2100000, guid: 21332117746b48d4abd0442890ad5793, type: 2}
    m_RemovedComponents: []
  m_SourcePrefab: {fileID: 100100000, guid: 8fbe1cd33ab0ae343b5322ee88c6c536, type: 3}
--- !u!4 &5210829115825609169 stripped
Transform:
  m_CorrespondingSourceObject: {fileID: 1403920618368680468, guid: 8fbe1cd33ab0ae343b5322ee88c6c536, type: 3}
  m_PrefabInstance: {fileID: 6569396313999940549}
  m_PrefabAsset: {fileID: 0}
--- !u!1001 &6570958258968266394
PrefabInstance:
  m_ObjectHideFlags: 0
  serializedVersion: 2
  m_Modification:
    m_TransformParent: {fileID: 5430137339194728425}
    m_Modifications:
    - target: {fileID: 426425940846471155, guid: 44e399014eb6dcf44a35c1e3218a2229, type: 3}
      propertyPath: m_StaticEditorFlags
      value: 1
      objectReference: {fileID: 0}
    - target: {fileID: 744738743466633548, guid: 44e399014eb6dcf44a35c1e3218a2229, type: 3}
      propertyPath: m_Materials.Array.data[3]
      value: 
      objectReference: {fileID: 2100000, guid: 21332117746b48d4abd0442890ad5793, type: 2}
    - target: {fileID: 1014772698498906744, guid: 44e399014eb6dcf44a35c1e3218a2229, type: 3}
      propertyPath: m_StaticEditorFlags
      value: 1
      objectReference: {fileID: 0}
    - target: {fileID: 1248952303782922393, guid: 44e399014eb6dcf44a35c1e3218a2229, type: 3}
      propertyPath: m_StaticEditorFlags
      value: 1
      objectReference: {fileID: 0}
    - target: {fileID: 4350677060265203657, guid: 44e399014eb6dcf44a35c1e3218a2229, type: 3}
      propertyPath: m_StaticEditorFlags
      value: 1
      objectReference: {fileID: 0}
    - target: {fileID: 4624474325188211997, guid: 44e399014eb6dcf44a35c1e3218a2229, type: 3}
      propertyPath: m_StaticEditorFlags
      value: 1
      objectReference: {fileID: 0}
    - target: {fileID: 4679541820054235850, guid: 44e399014eb6dcf44a35c1e3218a2229, type: 3}
      propertyPath: m_StaticEditorFlags
      value: 1
      objectReference: {fileID: 0}
    - target: {fileID: 5146214717511959119, guid: 44e399014eb6dcf44a35c1e3218a2229, type: 3}
      propertyPath: m_StaticEditorFlags
      value: 1
      objectReference: {fileID: 0}
    - target: {fileID: 6446211381223512118, guid: 44e399014eb6dcf44a35c1e3218a2229, type: 3}
      propertyPath: m_StaticEditorFlags
      value: 1
      objectReference: {fileID: 0}
    - target: {fileID: 6538726777750008993, guid: 44e399014eb6dcf44a35c1e3218a2229, type: 3}
      propertyPath: m_StaticEditorFlags
      value: 1
      objectReference: {fileID: 0}
    - target: {fileID: 7148466886554518683, guid: 44e399014eb6dcf44a35c1e3218a2229, type: 3}
      propertyPath: m_StaticEditorFlags
      value: 1
      objectReference: {fileID: 0}
    - target: {fileID: 8179190607742519997, guid: 44e399014eb6dcf44a35c1e3218a2229, type: 3}
      propertyPath: m_RootOrder
      value: 15
      objectReference: {fileID: 0}
    - target: {fileID: 8179190607742519997, guid: 44e399014eb6dcf44a35c1e3218a2229, type: 3}
      propertyPath: m_LocalPosition.x
      value: -5
      objectReference: {fileID: 0}
    - target: {fileID: 8179190607742519997, guid: 44e399014eb6dcf44a35c1e3218a2229, type: 3}
      propertyPath: m_LocalPosition.y
      value: 0
      objectReference: {fileID: 0}
    - target: {fileID: 8179190607742519997, guid: 44e399014eb6dcf44a35c1e3218a2229, type: 3}
      propertyPath: m_LocalPosition.z
      value: -2.5
      objectReference: {fileID: 0}
    - target: {fileID: 8179190607742519997, guid: 44e399014eb6dcf44a35c1e3218a2229, type: 3}
      propertyPath: m_LocalRotation.w
      value: 0.70710784
      objectReference: {fileID: 0}
    - target: {fileID: 8179190607742519997, guid: 44e399014eb6dcf44a35c1e3218a2229, type: 3}
      propertyPath: m_LocalRotation.x
      value: -0
      objectReference: {fileID: 0}
    - target: {fileID: 8179190607742519997, guid: 44e399014eb6dcf44a35c1e3218a2229, type: 3}
      propertyPath: m_LocalRotation.y
      value: -0.70710576
      objectReference: {fileID: 0}
    - target: {fileID: 8179190607742519997, guid: 44e399014eb6dcf44a35c1e3218a2229, type: 3}
      propertyPath: m_LocalRotation.z
      value: -0
      objectReference: {fileID: 0}
    - target: {fileID: 8179190607742519997, guid: 44e399014eb6dcf44a35c1e3218a2229, type: 3}
      propertyPath: m_LocalEulerAnglesHint.x
      value: 0
      objectReference: {fileID: 0}
    - target: {fileID: 8179190607742519997, guid: 44e399014eb6dcf44a35c1e3218a2229, type: 3}
      propertyPath: m_LocalEulerAnglesHint.y
      value: -90
      objectReference: {fileID: 0}
    - target: {fileID: 8179190607742519997, guid: 44e399014eb6dcf44a35c1e3218a2229, type: 3}
      propertyPath: m_LocalEulerAnglesHint.z
      value: 0
      objectReference: {fileID: 0}
    - target: {fileID: 8646921589335557132, guid: 44e399014eb6dcf44a35c1e3218a2229, type: 3}
      propertyPath: m_Name
      value: FloatingPlatform00_2.5HardInteriorCorner_Fenced (1)
      objectReference: {fileID: 0}
    - target: {fileID: 8646921589335557132, guid: 44e399014eb6dcf44a35c1e3218a2229, type: 3}
      propertyPath: m_StaticEditorFlags
      value: 1
      objectReference: {fileID: 0}
    - target: {fileID: 8753695733402360560, guid: 44e399014eb6dcf44a35c1e3218a2229, type: 3}
      propertyPath: m_StaticEditorFlags
      value: 1
      objectReference: {fileID: 0}
    - target: {fileID: 8766014213897831719, guid: 44e399014eb6dcf44a35c1e3218a2229, type: 3}
      propertyPath: m_StaticEditorFlags
      value: 1
      objectReference: {fileID: 0}
    - target: {fileID: 9142670748347150965, guid: 44e399014eb6dcf44a35c1e3218a2229, type: 3}
      propertyPath: m_StaticEditorFlags
      value: 1
      objectReference: {fileID: 0}
    m_RemovedComponents: []
  m_SourcePrefab: {fileID: 100100000, guid: 44e399014eb6dcf44a35c1e3218a2229, type: 3}
--- !u!4 &3076777944170712103 stripped
Transform:
  m_CorrespondingSourceObject: {fileID: 8179190607742519997, guid: 44e399014eb6dcf44a35c1e3218a2229, type: 3}
  m_PrefabInstance: {fileID: 6570958258968266394}
  m_PrefabAsset: {fileID: 0}
--- !u!1001 &6600789153538977233
PrefabInstance:
  m_ObjectHideFlags: 0
  serializedVersion: 2
  m_Modification:
    m_TransformParent: {fileID: 5430137339194728425}
    m_Modifications:
    - target: {fileID: 426425940846471155, guid: 44e399014eb6dcf44a35c1e3218a2229, type: 3}
      propertyPath: m_StaticEditorFlags
      value: 1
      objectReference: {fileID: 0}
    - target: {fileID: 744738743466633548, guid: 44e399014eb6dcf44a35c1e3218a2229, type: 3}
      propertyPath: m_Materials.Array.data[3]
      value: 
      objectReference: {fileID: 2100000, guid: 21332117746b48d4abd0442890ad5793, type: 2}
    - target: {fileID: 1014772698498906744, guid: 44e399014eb6dcf44a35c1e3218a2229, type: 3}
      propertyPath: m_StaticEditorFlags
      value: 1
      objectReference: {fileID: 0}
    - target: {fileID: 1248952303782922393, guid: 44e399014eb6dcf44a35c1e3218a2229, type: 3}
      propertyPath: m_StaticEditorFlags
      value: 1
      objectReference: {fileID: 0}
    - target: {fileID: 4350677060265203657, guid: 44e399014eb6dcf44a35c1e3218a2229, type: 3}
      propertyPath: m_StaticEditorFlags
      value: 1
      objectReference: {fileID: 0}
    - target: {fileID: 4624474325188211997, guid: 44e399014eb6dcf44a35c1e3218a2229, type: 3}
      propertyPath: m_StaticEditorFlags
      value: 1
      objectReference: {fileID: 0}
    - target: {fileID: 4679541820054235850, guid: 44e399014eb6dcf44a35c1e3218a2229, type: 3}
      propertyPath: m_StaticEditorFlags
      value: 1
      objectReference: {fileID: 0}
    - target: {fileID: 5146214717511959119, guid: 44e399014eb6dcf44a35c1e3218a2229, type: 3}
      propertyPath: m_StaticEditorFlags
      value: 1
      objectReference: {fileID: 0}
    - target: {fileID: 6446211381223512118, guid: 44e399014eb6dcf44a35c1e3218a2229, type: 3}
      propertyPath: m_StaticEditorFlags
      value: 1
      objectReference: {fileID: 0}
    - target: {fileID: 6538726777750008993, guid: 44e399014eb6dcf44a35c1e3218a2229, type: 3}
      propertyPath: m_StaticEditorFlags
      value: 1
      objectReference: {fileID: 0}
    - target: {fileID: 7148466886554518683, guid: 44e399014eb6dcf44a35c1e3218a2229, type: 3}
      propertyPath: m_StaticEditorFlags
      value: 1
      objectReference: {fileID: 0}
    - target: {fileID: 8179190607742519997, guid: 44e399014eb6dcf44a35c1e3218a2229, type: 3}
      propertyPath: m_RootOrder
      value: 16
      objectReference: {fileID: 0}
    - target: {fileID: 8179190607742519997, guid: 44e399014eb6dcf44a35c1e3218a2229, type: 3}
      propertyPath: m_LocalPosition.x
      value: 5
      objectReference: {fileID: 0}
    - target: {fileID: 8179190607742519997, guid: 44e399014eb6dcf44a35c1e3218a2229, type: 3}
      propertyPath: m_LocalPosition.y
      value: 0
      objectReference: {fileID: 0}
    - target: {fileID: 8179190607742519997, guid: 44e399014eb6dcf44a35c1e3218a2229, type: 3}
      propertyPath: m_LocalPosition.z
      value: -2.5
      objectReference: {fileID: 0}
    - target: {fileID: 8179190607742519997, guid: 44e399014eb6dcf44a35c1e3218a2229, type: 3}
      propertyPath: m_LocalRotation.w
      value: 0.0000029504295
      objectReference: {fileID: 0}
    - target: {fileID: 8179190607742519997, guid: 44e399014eb6dcf44a35c1e3218a2229, type: 3}
      propertyPath: m_LocalRotation.x
      value: -0
      objectReference: {fileID: 0}
    - target: {fileID: 8179190607742519997, guid: 44e399014eb6dcf44a35c1e3218a2229, type: 3}
      propertyPath: m_LocalRotation.y
      value: -1
      objectReference: {fileID: 0}
    - target: {fileID: 8179190607742519997, guid: 44e399014eb6dcf44a35c1e3218a2229, type: 3}
      propertyPath: m_LocalRotation.z
      value: -0
      objectReference: {fileID: 0}
    - target: {fileID: 8179190607742519997, guid: 44e399014eb6dcf44a35c1e3218a2229, type: 3}
      propertyPath: m_LocalEulerAnglesHint.x
      value: 0
      objectReference: {fileID: 0}
    - target: {fileID: 8179190607742519997, guid: 44e399014eb6dcf44a35c1e3218a2229, type: 3}
      propertyPath: m_LocalEulerAnglesHint.y
      value: -180
      objectReference: {fileID: 0}
    - target: {fileID: 8179190607742519997, guid: 44e399014eb6dcf44a35c1e3218a2229, type: 3}
      propertyPath: m_LocalEulerAnglesHint.z
      value: 0
      objectReference: {fileID: 0}
    - target: {fileID: 8646921589335557132, guid: 44e399014eb6dcf44a35c1e3218a2229, type: 3}
      propertyPath: m_Name
      value: FloatingPlatform00_2.5HardInteriorCorner_Fenced (2)
      objectReference: {fileID: 0}
    - target: {fileID: 8646921589335557132, guid: 44e399014eb6dcf44a35c1e3218a2229, type: 3}
      propertyPath: m_StaticEditorFlags
      value: 1
      objectReference: {fileID: 0}
    - target: {fileID: 8753695733402360560, guid: 44e399014eb6dcf44a35c1e3218a2229, type: 3}
      propertyPath: m_StaticEditorFlags
      value: 1
      objectReference: {fileID: 0}
    - target: {fileID: 8766014213897831719, guid: 44e399014eb6dcf44a35c1e3218a2229, type: 3}
      propertyPath: m_StaticEditorFlags
      value: 1
      objectReference: {fileID: 0}
    - target: {fileID: 9142670748347150965, guid: 44e399014eb6dcf44a35c1e3218a2229, type: 3}
      propertyPath: m_StaticEditorFlags
      value: 1
      objectReference: {fileID: 0}
    m_RemovedComponents: []
  m_SourcePrefab: {fileID: 100100000, guid: 44e399014eb6dcf44a35c1e3218a2229, type: 3}
--- !u!4 &3033425342514947948 stripped
Transform:
  m_CorrespondingSourceObject: {fileID: 8179190607742519997, guid: 44e399014eb6dcf44a35c1e3218a2229, type: 3}
  m_PrefabInstance: {fileID: 6600789153538977233}
  m_PrefabAsset: {fileID: 0}
--- !u!1001 &6757151921319581619
PrefabInstance:
  m_ObjectHideFlags: 0
  serializedVersion: 2
  m_Modification:
    m_TransformParent: {fileID: 5430137339194728425}
    m_Modifications:
    - target: {fileID: 1378164454015539154, guid: 8fbe1cd33ab0ae343b5322ee88c6c536, type: 3}
      propertyPath: m_Name
      value: FloatingPlatform00_5Corner_Fenced (5)
      objectReference: {fileID: 0}
    - target: {fileID: 1378164454015539154, guid: 8fbe1cd33ab0ae343b5322ee88c6c536, type: 3}
      propertyPath: m_StaticEditorFlags
      value: 1
      objectReference: {fileID: 0}
    - target: {fileID: 1403920618368680468, guid: 8fbe1cd33ab0ae343b5322ee88c6c536, type: 3}
      propertyPath: m_RootOrder
      value: 11
      objectReference: {fileID: 0}
    - target: {fileID: 1403920618368680468, guid: 8fbe1cd33ab0ae343b5322ee88c6c536, type: 3}
      propertyPath: m_LocalPosition.x
      value: -7.5
      objectReference: {fileID: 0}
    - target: {fileID: 1403920618368680468, guid: 8fbe1cd33ab0ae343b5322ee88c6c536, type: 3}
      propertyPath: m_LocalPosition.y
      value: 0
      objectReference: {fileID: 0}
    - target: {fileID: 1403920618368680468, guid: 8fbe1cd33ab0ae343b5322ee88c6c536, type: 3}
      propertyPath: m_LocalPosition.z
      value: 0
      objectReference: {fileID: 0}
    - target: {fileID: 1403920618368680468, guid: 8fbe1cd33ab0ae343b5322ee88c6c536, type: 3}
      propertyPath: m_LocalRotation.w
      value: 0.70710784
      objectReference: {fileID: 0}
    - target: {fileID: 1403920618368680468, guid: 8fbe1cd33ab0ae343b5322ee88c6c536, type: 3}
      propertyPath: m_LocalRotation.x
      value: -0
      objectReference: {fileID: 0}
    - target: {fileID: 1403920618368680468, guid: 8fbe1cd33ab0ae343b5322ee88c6c536, type: 3}
      propertyPath: m_LocalRotation.y
      value: 0.70710576
      objectReference: {fileID: 0}
    - target: {fileID: 1403920618368680468, guid: 8fbe1cd33ab0ae343b5322ee88c6c536, type: 3}
      propertyPath: m_LocalRotation.z
      value: -0
      objectReference: {fileID: 0}
    - target: {fileID: 1403920618368680468, guid: 8fbe1cd33ab0ae343b5322ee88c6c536, type: 3}
      propertyPath: m_LocalEulerAnglesHint.x
      value: 0
      objectReference: {fileID: 0}
    - target: {fileID: 1403920618368680468, guid: 8fbe1cd33ab0ae343b5322ee88c6c536, type: 3}
      propertyPath: m_LocalEulerAnglesHint.y
      value: 90
      objectReference: {fileID: 0}
    - target: {fileID: 1403920618368680468, guid: 8fbe1cd33ab0ae343b5322ee88c6c536, type: 3}
      propertyPath: m_LocalEulerAnglesHint.z
      value: 0
      objectReference: {fileID: 0}
    - target: {fileID: 4117573264093335798, guid: 8fbe1cd33ab0ae343b5322ee88c6c536, type: 3}
      propertyPath: m_StaticEditorFlags
      value: 1
      objectReference: {fileID: 0}
    - target: {fileID: 4263786885234873666, guid: 8fbe1cd33ab0ae343b5322ee88c6c536, type: 3}
      propertyPath: m_StaticEditorFlags
      value: 1
      objectReference: {fileID: 0}
    - target: {fileID: 4933218767881262338, guid: 8fbe1cd33ab0ae343b5322ee88c6c536, type: 3}
      propertyPath: m_Materials.Array.data[2]
      value: 
      objectReference: {fileID: 2100000, guid: 83d55098ce85af74fa70a8005401459a, type: 2}
    - target: {fileID: 6147072218516162311, guid: 8fbe1cd33ab0ae343b5322ee88c6c536, type: 3}
      propertyPath: m_StaticEditorFlags
      value: 1
      objectReference: {fileID: 0}
    - target: {fileID: 6453553043194786675, guid: 8fbe1cd33ab0ae343b5322ee88c6c536, type: 3}
      propertyPath: m_StaticEditorFlags
      value: 1
      objectReference: {fileID: 0}
    - target: {fileID: 6622193074581343531, guid: 8fbe1cd33ab0ae343b5322ee88c6c536, type: 3}
      propertyPath: m_StaticEditorFlags
      value: 1
      objectReference: {fileID: 0}
    - target: {fileID: 7017854613054583166, guid: 8fbe1cd33ab0ae343b5322ee88c6c536, type: 3}
      propertyPath: m_StaticEditorFlags
      value: 1
      objectReference: {fileID: 0}
    - target: {fileID: 7434695247880447027, guid: 8fbe1cd33ab0ae343b5322ee88c6c536, type: 3}
      propertyPath: m_StaticEditorFlags
      value: 1
      objectReference: {fileID: 0}
    - target: {fileID: 8761391125690729423, guid: 8fbe1cd33ab0ae343b5322ee88c6c536, type: 3}
      propertyPath: m_StaticEditorFlags
      value: 1
      objectReference: {fileID: 0}
    - target: {fileID: 8820408206056563951, guid: 8fbe1cd33ab0ae343b5322ee88c6c536, type: 3}
      propertyPath: m_Materials.Array.data[2]
      value: 
      objectReference: {fileID: 2100000, guid: 21332117746b48d4abd0442890ad5793, type: 2}
    m_RemovedComponents: []
  m_SourcePrefab: {fileID: 100100000, guid: 8fbe1cd33ab0ae343b5322ee88c6c536, type: 3}
--- !u!4 &5673835700683560359 stripped
Transform:
  m_CorrespondingSourceObject: {fileID: 1403920618368680468, guid: 8fbe1cd33ab0ae343b5322ee88c6c536, type: 3}
  m_PrefabInstance: {fileID: 6757151921319581619}
  m_PrefabAsset: {fileID: 0}
--- !u!1001 &7152486607031692168
PrefabInstance:
  m_ObjectHideFlags: 0
  serializedVersion: 2
  m_Modification:
    m_TransformParent: {fileID: 5430137339194728425}
    m_Modifications:
    - target: {fileID: 426425940846471155, guid: 44e399014eb6dcf44a35c1e3218a2229, type: 3}
      propertyPath: m_StaticEditorFlags
      value: 1
      objectReference: {fileID: 0}
    - target: {fileID: 744738743466633548, guid: 44e399014eb6dcf44a35c1e3218a2229, type: 3}
      propertyPath: m_Materials.Array.data[3]
      value: 
      objectReference: {fileID: 2100000, guid: 21332117746b48d4abd0442890ad5793, type: 2}
    - target: {fileID: 1014772698498906744, guid: 44e399014eb6dcf44a35c1e3218a2229, type: 3}
      propertyPath: m_StaticEditorFlags
      value: 1
      objectReference: {fileID: 0}
    - target: {fileID: 1248952303782922393, guid: 44e399014eb6dcf44a35c1e3218a2229, type: 3}
      propertyPath: m_StaticEditorFlags
      value: 1
      objectReference: {fileID: 0}
    - target: {fileID: 4350677060265203657, guid: 44e399014eb6dcf44a35c1e3218a2229, type: 3}
      propertyPath: m_StaticEditorFlags
      value: 1
      objectReference: {fileID: 0}
    - target: {fileID: 4624474325188211997, guid: 44e399014eb6dcf44a35c1e3218a2229, type: 3}
      propertyPath: m_StaticEditorFlags
      value: 1
      objectReference: {fileID: 0}
    - target: {fileID: 4679541820054235850, guid: 44e399014eb6dcf44a35c1e3218a2229, type: 3}
      propertyPath: m_StaticEditorFlags
      value: 1
      objectReference: {fileID: 0}
    - target: {fileID: 5146214717511959119, guid: 44e399014eb6dcf44a35c1e3218a2229, type: 3}
      propertyPath: m_StaticEditorFlags
      value: 1
      objectReference: {fileID: 0}
    - target: {fileID: 6446211381223512118, guid: 44e399014eb6dcf44a35c1e3218a2229, type: 3}
      propertyPath: m_StaticEditorFlags
      value: 1
      objectReference: {fileID: 0}
    - target: {fileID: 6538726777750008993, guid: 44e399014eb6dcf44a35c1e3218a2229, type: 3}
      propertyPath: m_StaticEditorFlags
      value: 1
      objectReference: {fileID: 0}
    - target: {fileID: 7148466886554518683, guid: 44e399014eb6dcf44a35c1e3218a2229, type: 3}
      propertyPath: m_StaticEditorFlags
      value: 1
      objectReference: {fileID: 0}
    - target: {fileID: 8179190607742519997, guid: 44e399014eb6dcf44a35c1e3218a2229, type: 3}
      propertyPath: m_RootOrder
      value: 17
      objectReference: {fileID: 0}
    - target: {fileID: 8179190607742519997, guid: 44e399014eb6dcf44a35c1e3218a2229, type: 3}
      propertyPath: m_LocalPosition.x
      value: 5
      objectReference: {fileID: 0}
    - target: {fileID: 8179190607742519997, guid: 44e399014eb6dcf44a35c1e3218a2229, type: 3}
      propertyPath: m_LocalPosition.y
      value: 0
      objectReference: {fileID: 0}
    - target: {fileID: 8179190607742519997, guid: 44e399014eb6dcf44a35c1e3218a2229, type: 3}
      propertyPath: m_LocalPosition.z
      value: 2.5
      objectReference: {fileID: 0}
    - target: {fileID: 8179190607742519997, guid: 44e399014eb6dcf44a35c1e3218a2229, type: 3}
      propertyPath: m_LocalRotation.w
      value: -0.7071037
      objectReference: {fileID: 0}
    - target: {fileID: 8179190607742519997, guid: 44e399014eb6dcf44a35c1e3218a2229, type: 3}
      propertyPath: m_LocalRotation.x
      value: -0
      objectReference: {fileID: 0}
    - target: {fileID: 8179190607742519997, guid: 44e399014eb6dcf44a35c1e3218a2229, type: 3}
      propertyPath: m_LocalRotation.y
      value: -0.7071099
      objectReference: {fileID: 0}
    - target: {fileID: 8179190607742519997, guid: 44e399014eb6dcf44a35c1e3218a2229, type: 3}
      propertyPath: m_LocalRotation.z
      value: -0
      objectReference: {fileID: 0}
    - target: {fileID: 8179190607742519997, guid: 44e399014eb6dcf44a35c1e3218a2229, type: 3}
      propertyPath: m_LocalEulerAnglesHint.x
      value: 0
      objectReference: {fileID: 0}
    - target: {fileID: 8179190607742519997, guid: 44e399014eb6dcf44a35c1e3218a2229, type: 3}
      propertyPath: m_LocalEulerAnglesHint.y
      value: -269.999
      objectReference: {fileID: 0}
    - target: {fileID: 8179190607742519997, guid: 44e399014eb6dcf44a35c1e3218a2229, type: 3}
      propertyPath: m_LocalEulerAnglesHint.z
      value: 0
      objectReference: {fileID: 0}
    - target: {fileID: 8646921589335557132, guid: 44e399014eb6dcf44a35c1e3218a2229, type: 3}
      propertyPath: m_Name
      value: FloatingPlatform00_2.5HardInteriorCorner_Fenced (3)
      objectReference: {fileID: 0}
    - target: {fileID: 8646921589335557132, guid: 44e399014eb6dcf44a35c1e3218a2229, type: 3}
      propertyPath: m_StaticEditorFlags
      value: 1
      objectReference: {fileID: 0}
    - target: {fileID: 8753695733402360560, guid: 44e399014eb6dcf44a35c1e3218a2229, type: 3}
      propertyPath: m_StaticEditorFlags
      value: 1
      objectReference: {fileID: 0}
    - target: {fileID: 8766014213897831719, guid: 44e399014eb6dcf44a35c1e3218a2229, type: 3}
      propertyPath: m_StaticEditorFlags
      value: 1
      objectReference: {fileID: 0}
    - target: {fileID: 9142670748347150965, guid: 44e399014eb6dcf44a35c1e3218a2229, type: 3}
      propertyPath: m_StaticEditorFlags
      value: 1
      objectReference: {fileID: 0}
    m_RemovedComponents: []
  m_SourcePrefab: {fileID: 100100000, guid: 44e399014eb6dcf44a35c1e3218a2229, type: 3}
--- !u!4 &1351341751098974517 stripped
Transform:
  m_CorrespondingSourceObject: {fileID: 8179190607742519997, guid: 44e399014eb6dcf44a35c1e3218a2229, type: 3}
  m_PrefabInstance: {fileID: 7152486607031692168}
  m_PrefabAsset: {fileID: 0}
--- !u!1001 &8493499215514332571
PrefabInstance:
  m_ObjectHideFlags: 0
  serializedVersion: 2
  m_Modification:
    m_TransformParent: {fileID: 5430137339194728425}
    m_Modifications:
    - target: {fileID: 1378164454015539154, guid: 8fbe1cd33ab0ae343b5322ee88c6c536, type: 3}
      propertyPath: m_Name
      value: FloatingPlatform00_5Corner_Fenced
      objectReference: {fileID: 0}
    - target: {fileID: 1378164454015539154, guid: 8fbe1cd33ab0ae343b5322ee88c6c536, type: 3}
      propertyPath: m_StaticEditorFlags
      value: 1
      objectReference: {fileID: 0}
    - target: {fileID: 1403920618368680468, guid: 8fbe1cd33ab0ae343b5322ee88c6c536, type: 3}
      propertyPath: m_RootOrder
      value: 0
      objectReference: {fileID: 0}
    - target: {fileID: 1403920618368680468, guid: 8fbe1cd33ab0ae343b5322ee88c6c536, type: 3}
      propertyPath: m_LocalPosition.x
      value: -2.5
      objectReference: {fileID: 0}
    - target: {fileID: 1403920618368680468, guid: 8fbe1cd33ab0ae343b5322ee88c6c536, type: 3}
      propertyPath: m_LocalPosition.y
      value: 0
      objectReference: {fileID: 0}
    - target: {fileID: 1403920618368680468, guid: 8fbe1cd33ab0ae343b5322ee88c6c536, type: 3}
      propertyPath: m_LocalPosition.z
      value: -5
      objectReference: {fileID: 0}
    - target: {fileID: 1403920618368680468, guid: 8fbe1cd33ab0ae343b5322ee88c6c536, type: 3}
      propertyPath: m_LocalRotation.w
      value: 1
      objectReference: {fileID: 0}
    - target: {fileID: 1403920618368680468, guid: 8fbe1cd33ab0ae343b5322ee88c6c536, type: 3}
      propertyPath: m_LocalRotation.x
      value: -0
      objectReference: {fileID: 0}
    - target: {fileID: 1403920618368680468, guid: 8fbe1cd33ab0ae343b5322ee88c6c536, type: 3}
      propertyPath: m_LocalRotation.y
      value: -0
      objectReference: {fileID: 0}
    - target: {fileID: 1403920618368680468, guid: 8fbe1cd33ab0ae343b5322ee88c6c536, type: 3}
      propertyPath: m_LocalRotation.z
      value: -0
      objectReference: {fileID: 0}
    - target: {fileID: 1403920618368680468, guid: 8fbe1cd33ab0ae343b5322ee88c6c536, type: 3}
      propertyPath: m_LocalEulerAnglesHint.x
      value: 0
      objectReference: {fileID: 0}
    - target: {fileID: 1403920618368680468, guid: 8fbe1cd33ab0ae343b5322ee88c6c536, type: 3}
      propertyPath: m_LocalEulerAnglesHint.y
      value: 0
      objectReference: {fileID: 0}
    - target: {fileID: 1403920618368680468, guid: 8fbe1cd33ab0ae343b5322ee88c6c536, type: 3}
      propertyPath: m_LocalEulerAnglesHint.z
      value: 0
      objectReference: {fileID: 0}
    - target: {fileID: 4117573264093335798, guid: 8fbe1cd33ab0ae343b5322ee88c6c536, type: 3}
      propertyPath: m_StaticEditorFlags
      value: 1
      objectReference: {fileID: 0}
    - target: {fileID: 4263786885234873666, guid: 8fbe1cd33ab0ae343b5322ee88c6c536, type: 3}
      propertyPath: m_StaticEditorFlags
      value: 1
      objectReference: {fileID: 0}
    - target: {fileID: 4933218767881262338, guid: 8fbe1cd33ab0ae343b5322ee88c6c536, type: 3}
      propertyPath: m_Materials.Array.data[2]
      value: 
      objectReference: {fileID: 2100000, guid: 83d55098ce85af74fa70a8005401459a, type: 2}
    - target: {fileID: 6147072218516162311, guid: 8fbe1cd33ab0ae343b5322ee88c6c536, type: 3}
      propertyPath: m_StaticEditorFlags
      value: 1
      objectReference: {fileID: 0}
    - target: {fileID: 6453553043194786675, guid: 8fbe1cd33ab0ae343b5322ee88c6c536, type: 3}
      propertyPath: m_StaticEditorFlags
      value: 1
      objectReference: {fileID: 0}
    - target: {fileID: 6622193074581343531, guid: 8fbe1cd33ab0ae343b5322ee88c6c536, type: 3}
      propertyPath: m_StaticEditorFlags
      value: 1
      objectReference: {fileID: 0}
    - target: {fileID: 7017854613054583166, guid: 8fbe1cd33ab0ae343b5322ee88c6c536, type: 3}
      propertyPath: m_StaticEditorFlags
      value: 1
      objectReference: {fileID: 0}
    - target: {fileID: 7434695247880447027, guid: 8fbe1cd33ab0ae343b5322ee88c6c536, type: 3}
      propertyPath: m_StaticEditorFlags
      value: 1
      objectReference: {fileID: 0}
    - target: {fileID: 8761391125690729423, guid: 8fbe1cd33ab0ae343b5322ee88c6c536, type: 3}
      propertyPath: m_StaticEditorFlags
      value: 1
      objectReference: {fileID: 0}
    - target: {fileID: 8820408206056563951, guid: 8fbe1cd33ab0ae343b5322ee88c6c536, type: 3}
      propertyPath: m_Materials.Array.data[2]
      value: 
      objectReference: {fileID: 2100000, guid: 21332117746b48d4abd0442890ad5793, type: 2}
    m_RemovedComponents: []
  m_SourcePrefab: {fileID: 100100000, guid: 8fbe1cd33ab0ae343b5322ee88c6c536, type: 3}
--- !u!4 &7396391441569427343 stripped
Transform:
  m_CorrespondingSourceObject: {fileID: 1403920618368680468, guid: 8fbe1cd33ab0ae343b5322ee88c6c536, type: 3}
  m_PrefabInstance: {fileID: 8493499215514332571}
  m_PrefabAsset: {fileID: 0}
--- !u!1001 &8653462626653284265
PrefabInstance:
  m_ObjectHideFlags: 0
  serializedVersion: 2
  m_Modification:
    m_TransformParent: {fileID: 5430137339194728425}
    m_Modifications:
    - target: {fileID: 6340577096625803467, guid: f997a3b6792531e42a0f0005b4d3e890, type: 3}
      propertyPath: m_RootOrder
      value: 8
      objectReference: {fileID: 0}
    - target: {fileID: 6340577096625803467, guid: f997a3b6792531e42a0f0005b4d3e890, type: 3}
      propertyPath: m_LocalScale.y
      value: 4
      objectReference: {fileID: 0}
    - target: {fileID: 6340577096625803467, guid: f997a3b6792531e42a0f0005b4d3e890, type: 3}
      propertyPath: m_LocalPosition.x
      value: 0
      objectReference: {fileID: 0}
    - target: {fileID: 6340577096625803467, guid: f997a3b6792531e42a0f0005b4d3e890, type: 3}
      propertyPath: m_LocalPosition.y
      value: 1
      objectReference: {fileID: 0}
    - target: {fileID: 6340577096625803467, guid: f997a3b6792531e42a0f0005b4d3e890, type: 3}
      propertyPath: m_LocalPosition.z
      value: 5
      objectReference: {fileID: 0}
    - target: {fileID: 6340577096625803467, guid: f997a3b6792531e42a0f0005b4d3e890, type: 3}
      propertyPath: m_LocalRotation.w
      value: 1
      objectReference: {fileID: 0}
    - target: {fileID: 6340577096625803467, guid: f997a3b6792531e42a0f0005b4d3e890, type: 3}
      propertyPath: m_LocalRotation.x
      value: -0
      objectReference: {fileID: 0}
    - target: {fileID: 6340577096625803467, guid: f997a3b6792531e42a0f0005b4d3e890, type: 3}
      propertyPath: m_LocalRotation.y
      value: -0
      objectReference: {fileID: 0}
    - target: {fileID: 6340577096625803467, guid: f997a3b6792531e42a0f0005b4d3e890, type: 3}
      propertyPath: m_LocalRotation.z
      value: -0
      objectReference: {fileID: 0}
    - target: {fileID: 6340577096625803467, guid: f997a3b6792531e42a0f0005b4d3e890, type: 3}
      propertyPath: m_LocalEulerAnglesHint.x
      value: 0
      objectReference: {fileID: 0}
    - target: {fileID: 6340577096625803467, guid: f997a3b6792531e42a0f0005b4d3e890, type: 3}
      propertyPath: m_LocalEulerAnglesHint.y
      value: 0
      objectReference: {fileID: 0}
    - target: {fileID: 6340577096625803467, guid: f997a3b6792531e42a0f0005b4d3e890, type: 3}
      propertyPath: m_LocalEulerAnglesHint.z
      value: 0
      objectReference: {fileID: 0}
    - target: {fileID: 6680406056783022705, guid: f997a3b6792531e42a0f0005b4d3e890, type: 3}
      propertyPath: m_Name
      value: FloorBasic00_5x10 (1)
      objectReference: {fileID: 0}
    - target: {fileID: 6680406056783022705, guid: f997a3b6792531e42a0f0005b4d3e890, type: 3}
      propertyPath: m_StaticEditorFlags
      value: 2147483647
      objectReference: {fileID: 0}
    - target: {fileID: 7587148866723299528, guid: f997a3b6792531e42a0f0005b4d3e890, type: 3}
      propertyPath: m_Materials.Array.data[0]
      value: 
      objectReference: {fileID: 2100000, guid: 8fcf6218c399465468c9ffdfaa637641, type: 2}
    - target: {fileID: 7587148866723299528, guid: f997a3b6792531e42a0f0005b4d3e890, type: 3}
      propertyPath: m_Materials.Array.data[2]
      value: 
      objectReference: {fileID: 2100000, guid: f796b36358ea4274e86a34888c8cf19d, type: 2}
    - target: {fileID: 8490672084775370152, guid: f997a3b6792531e42a0f0005b4d3e890, type: 3}
      propertyPath: m_StaticEditorFlags
      value: 2147483647
      objectReference: {fileID: 0}
    m_RemovedComponents: []
  m_SourcePrefab: {fileID: 100100000, guid: f997a3b6792531e42a0f0005b4d3e890, type: 3}
--- !u!4 &3452298490914436962 stripped
Transform:
  m_CorrespondingSourceObject: {fileID: 6340577096625803467, guid: f997a3b6792531e42a0f0005b4d3e890, type: 3}
  m_PrefabInstance: {fileID: 8653462626653284265}
  m_PrefabAsset: {fileID: 0}
--- !u!1001 &9114837037710918213
PrefabInstance:
  m_ObjectHideFlags: 0
  serializedVersion: 2
  m_Modification:
    m_TransformParent: {fileID: 5430137339194728425}
    m_Modifications:
    - target: {fileID: 99308892069973773, guid: a3a29d6544b17aa4a8f1c0e0ff0f49aa, type: 3}
      propertyPath: m_RootOrder
      value: 18
      objectReference: {fileID: 0}
    - target: {fileID: 99308892069973773, guid: a3a29d6544b17aa4a8f1c0e0ff0f49aa, type: 3}
      propertyPath: m_LocalScale.y
      value: 4
      objectReference: {fileID: 0}
    - target: {fileID: 99308892069973773, guid: a3a29d6544b17aa4a8f1c0e0ff0f49aa, type: 3}
      propertyPath: m_LocalPosition.x
      value: 7.5
      objectReference: {fileID: 0}
    - target: {fileID: 99308892069973773, guid: a3a29d6544b17aa4a8f1c0e0ff0f49aa, type: 3}
      propertyPath: m_LocalPosition.y
      value: 1
      objectReference: {fileID: 0}
    - target: {fileID: 99308892069973773, guid: a3a29d6544b17aa4a8f1c0e0ff0f49aa, type: 3}
      propertyPath: m_LocalPosition.z
      value: -2.5
      objectReference: {fileID: 0}
    - target: {fileID: 99308892069973773, guid: a3a29d6544b17aa4a8f1c0e0ff0f49aa, type: 3}
      propertyPath: m_LocalRotation.w
      value: 0.0000029504295
      objectReference: {fileID: 0}
    - target: {fileID: 99308892069973773, guid: a3a29d6544b17aa4a8f1c0e0ff0f49aa, type: 3}
      propertyPath: m_LocalRotation.x
      value: -0
      objectReference: {fileID: 0}
    - target: {fileID: 99308892069973773, guid: a3a29d6544b17aa4a8f1c0e0ff0f49aa, type: 3}
      propertyPath: m_LocalRotation.y
      value: -1
      objectReference: {fileID: 0}
    - target: {fileID: 99308892069973773, guid: a3a29d6544b17aa4a8f1c0e0ff0f49aa, type: 3}
      propertyPath: m_LocalRotation.z
      value: -0
      objectReference: {fileID: 0}
    - target: {fileID: 99308892069973773, guid: a3a29d6544b17aa4a8f1c0e0ff0f49aa, type: 3}
      propertyPath: m_LocalEulerAnglesHint.x
      value: 0
      objectReference: {fileID: 0}
    - target: {fileID: 99308892069973773, guid: a3a29d6544b17aa4a8f1c0e0ff0f49aa, type: 3}
      propertyPath: m_LocalEulerAnglesHint.y
      value: -180
      objectReference: {fileID: 0}
    - target: {fileID: 99308892069973773, guid: a3a29d6544b17aa4a8f1c0e0ff0f49aa, type: 3}
      propertyPath: m_LocalEulerAnglesHint.z
      value: 0
      objectReference: {fileID: 0}
    - target: {fileID: 997534698714373905, guid: a3a29d6544b17aa4a8f1c0e0ff0f49aa, type: 3}
      propertyPath: m_Materials.Array.data[1]
      value: 
      objectReference: {fileID: 2100000, guid: 8fcf6218c399465468c9ffdfaa637641, type: 2}
    - target: {fileID: 997534698714373905, guid: a3a29d6544b17aa4a8f1c0e0ff0f49aa, type: 3}
      propertyPath: m_Materials.Array.data[2]
      value: 
      objectReference: {fileID: 2100000, guid: 21332117746b48d4abd0442890ad5793, type: 2}
    - target: {fileID: 2792533642399640519, guid: a3a29d6544b17aa4a8f1c0e0ff0f49aa, type: 3}
      propertyPath: m_Name
      value: FloorBasic00_5x2.5 (2)
      objectReference: {fileID: 0}
    - target: {fileID: 2792533642399640519, guid: a3a29d6544b17aa4a8f1c0e0ff0f49aa, type: 3}
      propertyPath: m_StaticEditorFlags
      value: 2147483647
      objectReference: {fileID: 0}
    - target: {fileID: 7792749775125771825, guid: a3a29d6544b17aa4a8f1c0e0ff0f49aa, type: 3}
      propertyPath: m_StaticEditorFlags
      value: 2147483647
      objectReference: {fileID: 0}
    m_RemovedComponents: []
  m_SourcePrefab: {fileID: 100100000, guid: a3a29d6544b17aa4a8f1c0e0ff0f49aa, type: 3}
--- !u!4 &9159960001673629000 stripped
Transform:
  m_CorrespondingSourceObject: {fileID: 99308892069973773, guid: a3a29d6544b17aa4a8f1c0e0ff0f49aa, type: 3}
  m_PrefabInstance: {fileID: 9114837037710918213}
  m_PrefabAsset: {fileID: 0}
